 Dungeon Crawl Stone Soup version 0.31-a0-182-gc5ef74bbde (webtiles) character file.

Game seed: 17753233424316608333

12831236 Turgor the Invulnerable (level 27, 264/264 HPs)
             Began as an Armataur Fighter on June 6, 2023.
             Was an Initiate of Gozag.
             Escaped with the Orb
             ... and 15 runes on June 20, 2023!
             The game lasted 17:53:08 (128368 turns).

Turgor the Invulnerable (Armataur Fighter)        Turns: 128368, Time: 17:53:08

Health: 264/264    AC: 69    Str: 36    XL:     27
Magic:  50/52      EV:  4    Int: 25    God:    Gozag
Gold:   6866       SH: 39    Dex: 16    Spells: 3/76 levels left

rFire   + . .        g - +9 demon whip (heavy)
rCold   + + .        n - +18 shield of the Gong {Loud rN+ Will+ rCorr EV-5}
rNeg    + + +        L - +14 crystal plate armour "Jedoegew" {Int+3} rPois โˆž
                     P - +0 helmet of Jahumoj {Int+4 Slay+3}
rElec   +            j - +0 cloak "Pabir" {Str+8}
rCorr   +            B - +1 pair of gloves of Pleasant Breezes {rElec rPois Will+ Regen+}
SInv    +            R - +6 lightning scales {swift, rElec}
Will    +++++        z - amulet of Vitality {RegenMP++ Regen++} Stlth
                     r - ring "Puaghih" {rC+ rN+ Str+4 Dex+4 SInv}
HPRegen 3.04/turn    O - ring of the Mage {Wiz Archmagi}
MPRegen 1.13/turn

%: roll, wizardry (x1), archmagi
@: lich-form, gold aura, studying 8 skills, quick
A: draining attack, torment immunity, no potions, large, rugged brown scales 3,
deformed body, armoured tail, roll, long tongue, awkward tongue, large bone
plates 1, fire resistance 1, frail 1, mutation resistance 1
0: Orb of Zot
}: 15/15 runes: decaying, slimy, silver, golden, iron, obsidian, icy, bone,
abyssal, demonic, glowing, magical, fiery, dark, gossamer
a: End Transformation, Renounce Religion, Potion Petition, Call Merchant, Bribe
Branch


You escaped.
You worshipped Gozag.
Gozag was greatly pleased with you.
You were an undead lich.
You visited 18 branches of the dungeon, and saw 87 of its levels.
You visited Pandemonium 2 times, and saw 16 of its levels.
You visited the Abyss 6 times.
You visited 1 bazaar.
You completed 2 ziggurats, and saw 54 of their levels.
You also visited: Trove, Bailey and Gauntlet.

You collected 80514 gold pieces.
You spent 6476 gold pieces at shops.
You paid 67172 gold pieces to Gozag.

Inventory:

Hand Weapons
 a - a +9 heavy eveningstar
 g - a +9 heavy demon whip (weapon)
Missiles
 Z - 53 silver javelins
Armour
 j - the +0 cloak "Pabir" (worn) {Str+8}
   (You found it on level 4 of the Spider Nest)

   Str:       It affects your strength (+8).
 n - the +18 shield of the Gong (worn) {Loud rN+ Will+ rCorr EV-5}
   (You found it on level 9 of a ziggurat)

   Loud:      It is deafeningly noisy when blocking attacks.
   EV:        It affects your evasion (-5).
   rN:        It protects you from negative energy.
   rCorr:     It protects you from acid and corrosion.
   Will:      It increases your willpower.
 B - the +1 pair of gloves of Pleasant Breezes (worn) {rElec rPois Will+ Regen+}
   (You found it on level 21 of a ziggurat)

   rElec:     It insulates you from electricity.
   rPois:     It protects you from poison.
   Regen:     It increases your rate of health regeneration.
   Will:      It increases your willpower.
 L - the +14 crystal plate armour "Jedoegew" (worn) {Int+3}
   (Okawaru gifted it to you on level 1 of the Vaults)

   Int:       It affects your intelligence (+3).
 P - the +0 helmet of Jahumoj (worn) {Int+4 Slay+3}
   (You found it on level 1 of the Lair of Beasts)

   Int:       It affects your intelligence (+4).
   Slay:      It affects your accuracy & damage with ranged weapons and melee
   (+3).
 R - the +6 lightning scales (worn) {swift, rElec}
   (You found it on level 13 of a ziggurat)

   Swift:     It allows the wearer to cover ground more swiftly.
   rElec:     It insulates you from electricity.
Magical Staves
 p - the staff "Atafiosm" {rElec rF+ Hexes Air}
   (You found it on level 27 of a ziggurat)

   [staff of air]

   Base accuracy: +5 Base damage: 5 Base attack delay: 1.2 This weapon's minimum
   attack delay (0.6) is reached at skill level 12.
   rF:        It protects you from fire.
   rElec:     It insulates you from electricity.
   Hexes:     It increases the power of your Hexes spells.
   Air:       It increases the power of your Air spells.
   It falls into the 'Staves' category.
   It is a one-handed weapon.
 E - the staff "Sijaahoawo" {rN+ rCorr Str-5 Int+5 Necro}
   (You found it on level 7 of a ziggurat)

   [staff of death]

   Base accuracy: +5 Base damage: 5 Base attack delay: 1.2 This weapon's minimum
   attack delay (0.6) is reached at skill level 12.
   Str:       It affects your strength (-5).
   Int:       It affects your intelligence (+5).
   rN:        It protects you from negative energy.
   rCorr:     It protects you from acid and corrosion.
   Necro:     It increases the power of your Necromancy spells.
   It falls into the 'Staves' category.
   It is a one-handed weapon.
 G - the staff of the Boiling Point {rF+ Str+2 Fire}
   (You found it on level 8 of a ziggurat)

   [staff of fire]

   Base accuracy: +5 Base damage: 5 Base attack delay: 1.2 This weapon's minimum
   attack delay (0.6) is reached at skill level 12.
   Str:       It affects your strength (+2).
   rF:        It protects you from fire.
   Fire:      It increases the power of your Fire spells.
   It falls into the 'Staves' category.
   It is a one-handed weapon.
 H - the staff "Fain" {rC+ Int+2 Ice}
   (You found it on level 8 of a ziggurat)

   [staff of cold]

   Base accuracy: +5 Base damage: 5 Base attack delay: 1.2 This weapon's minimum
   attack delay (0.6) is reached at skill level 12.
   Int:       It affects your intelligence (+2).
   rC:        It protects you from cold.
   Ice:       It increases the power of your Ice spells.
   It falls into the 'Staves' category.
   It is a one-handed weapon.
Jewellery
 f - the ring of Lako {rF++ Str+6}
   (You found it on level 3 of the Tomb of the Ancients)

   [ring of strength]

   Str:       It affects your strength (+6).
   rF:        It greatly protects you from fire.
 r - the ring "Puaghih" (left hand) {rC+ rN+ Str+4 Dex+4 SInv}
   (You found it on level 10 of a ziggurat)

   [ring of see invisible]

   Str:       It affects your strength (+4).
   Dex:       It affects your dexterity (+4).
   rC:        It protects you from cold.
   rN:        It protects you from negative energy.
   SInv:      It lets you see invisible.
 t - the ring "Tydikodo" {+Blink rElec rN+ Will+ Dex+3}
   (You found it on level 6 of a ziggurat)

   [ring of positive energy]

   Dex:       It affects your dexterity (+3).
   rElec:     It insulates you from electricity.
   rN:        It protects you from negative energy.
   +Blink:    It lets you blink.
   Will:      It increases your willpower.
 z - the amulet of Vitality (around neck) {RegenMP++ Regen++}
   (You found it on level 24 of a ziggurat)

   [amulet of magic regeneration]

   It increases your rate of magic regeneration.
   Regen:     It increases your rate of health regeneration.
 F - the ring of the Archfiend {Fly rC+ Will+ rCorr}
   (You bought it in a shop on level 4 of the Depths)

   [ring of willpower]

   rC:        It protects you from cold.
   Fly:       It grants you flight.
   rCorr:     It protects you from acid and corrosion.
   Will:      It increases your willpower.
 O - the ring of the Mage (right hand) {Wiz Archmagi}
   (You found it on level 19 of a ziggurat)

   [ring of wizardry]

   It improves your spell success rate.
   Archmagi:  It increases the power of your magical spells.
 Q - the ring of the Eagle {Fire rPois Str+3 Int+3 SInv}
   (You found it on level 22 of a ziggurat)

   [ring of fire]

   It enhances your fire magic.
   Str:       It affects your strength (+3).
   Int:       It affects your intelligence (+3).
   rF:        It protects you from fire.
   rC:        It makes you vulnerable to cold.
   rPois:     It protects you from poison.
   SInv:      It lets you see invisible.
Wands
 o - a wand of acid (79)
 N - a wand of digging (100)
Scrolls
 c - 17 scrolls of enchant armour
 h - 11 scrolls of enchant weapon
 l - 5 scrolls of revelation
 m - 40 scrolls of teleportation
 q - a scroll of summoning
 A - 23 scrolls of blinking
 C - 4 scrolls of vulnerability
 S - 25 scrolls of fog
 T - 27 scrolls of amnesia
Potions
 d - 6 potions of ambrosia
 e - a potion of invisibility
 s - 5 potions of enlightenment
 u - a potion of resistance
 w - 49 potions of mutation
 x - 26 potions of curing
 D - 9 potions of magic
 K - 4 potions of heal wounds
 U - 20 potions of cancellation
 W - 7 potions of haste
 Y - 5 potions of might
Miscellaneous
 b - a phial of floods
 i - a phantom mirror
 y - a +2 figurine of a ziggurat
 I - a tin of tremorstones (2/2)
 X - a lightning rod (4/4)


   Skills:
 O Level 27 Fighting
 + Level 23.1 Maces & Flails
 + Level 23.3 Throwing
 O Level 27 Armour
 - Level 10.0 Dodging
 - Level 1.0 Stealth
 + Level 22.6 Shields
 + Level 25.3 Spellcasting
 O Level 27 Hexes
 * Level 21.8 Necromancy
 O Level 27 Translocations
 - Level 21.0 Transmutations
 + Level 23.3 Fire Magic
 O Level 27 Ice Magic
 - Level 14.0 Air Magic
 - Level 13.0 Invocations
 - Level 13.0 Evocations


You had 3 spell levels left.
You knew the following spells:

 Your Spells              Type           Power      Damage    Failure   Level
a - Apportation           Tloc           100%       N/A       0%          1
b - Blink                 Tloc           100%       N/A       0%          2
c - Necromutation         Tmut/Necr      71%        N/A       1%          8
d - Disjunction           Tloc           64%        N/A       1%          8
e - Enfeeble              Hex            64%        N/A       1%          7
f - Fulminant Prism       Conj/Hex       49%        3d21      1%          4
i - Ignition              Fire           61%        3d16      1%          8
p - Passage of Golubria   Tloc           100%       N/A       0%          4
q - Discord               Hex            64%        N/A       1%          8
v - Polar Vortex          Ice            64%        N/A       3%          9
w - Wereblood             Tmut           100%       N/A       0%          2
x - Infestation           Necr           71%        N/A       1%          8
z - Manifold Assault      Tloc           100%       N/A       0%          4

Your spell library contained the following spells:

 Spells                   Type           Power      Damage    Failure   Level
 Beastly Appendage        Tmut           100%       N/A       0%          1
 Freeze                   Ice            100%       1d10      0%          1
 Necrotise                Necr           100%       1d9       0%          1
 Slow                     Hex            100%       N/A       0%          1
 Ensorcelled Hibernation  Hex/Ice        100%       N/A       0%          2
 Lesser Beckoning         Tloc           100%       N/A       0%          2
 Scorch                   Fire           100%       2d9       0%          2
 Sublimation of Blood     Necr           100%       N/A       0%          2
 Confusing Touch          Hex            100%       N/A       0%          3
 Frozen Ramparts          Ice            100%       1d16      0%          3
 Gell's Gravitas          Tloc           100%       N/A       0%          3
 Inner Flame              Hex/Fire       100%       N/A       0%          3
 Ozocubu's Armour         Ice            100%       N/A       0%          3
 Portal Projectile        Hex/Tloc       100%       N/A       0%          3
 Teleport Other           Tloc           100%       N/A       0%          3
 Tukima's Dance           Hex            100%       N/A       0%          3
 Vampiric Draining        Necr           100%       2d13      0%          3
 Vhi's Electric Charge    Tloc/Air       100%       N/A       0%          3
 Volatile Blastmotes      Fire/Tloc      100%       2d18      0%          3
 Foxfire                  Conj/Fire      100%       2x1d9     1%          1
 Kiss of Death            Conj/Necr      100%       2d13      1%          1
 Magic Dart               Conj           100%       1d8       1%          1
 Sandblast                Erth           94%        2d19      1%          1
 Shock                    Conj/Air       100%       1d9       1%          1
 Sting                    Tmut/Pois      100%       1d8       1%          1
 Summon Small Mammal      Summ           100%       N/A       1%          1
 Cigotuvi's Dreadful Rot  Necr/Pois/Air  100%       N/A       1%          2
 Momentum Strike          Conj/Tloc      100%       3d10      1%          2
 Passwall                 Tmut/Erth      75%        N/A       1%          2
 Poisonous Vapours        Pois/Air       100%       N/A       1%          2
 Static Discharge         Conj/Air       100%       2-7/arc   1%          2
 Dazzling Flash           Conj/Hex       100%       N/A       1%          3
 Hailstorm                Conj/Ice       99%        3d19      1%          3
 Ignite Poison            Fire/Tmut/Pois 100%       N/A       1%          3
 Mephitic Cloud           Conj/Pois/Air  70%        N/A       1%          3
 Spider Form              Tmut/Pois      90%        N/A       1%          3
 Summon Guardian Golem    Hex/Summ       99%        N/A       1%          3
 Swiftness                Air            100%       N/A       1%          3
 Call Imp                 Summ           94%        N/A       2%          2
 Searing Ray              Conj           94%        2d7       2%          2
 Call Canine Familiar     Summ           47%        N/A       6%          3
 Stone Arrow              Conj/Erth      94%        3d12      6%          3
 Anguish                  Hex/Necr       74%        N/A       0%          4
 Cause Fear               Hex            64%        N/A       0%          4
 Dispel Undead            Necr           100%       3d31      0%          4
 Ice Form                 Ice/Tmut       100%       N/A       0%          4
 Agony                    Necr           100%       N/A       0%          5
 Blade Hands              Tmut           58%        N/A       0%          5
 Metabolic Englaciation   Hex/Ice        64%        N/A       0%          5
 Yara's Violent Unravell  Hex/Tmut       61%        3d23      0%          5
 Dispersal                Tloc           64%        N/A       0%          6
 Airstrike                Air            50%        2d(8-24)  1%          4
 Flame Wave               Conj/Fire      94%        2d20      1%          4
 Iskenderun's Mystic Bla  Conj/Tloc      99%        2d19      1%          4
 Leda's Liquefaction      Hex/Erth       49%        N/A       1%          4
 Petrify                  Tmut/Erth      90%        N/A       1%          4
 Sticky Flame             Conj/Fire      94%        2d10      1%          4
 Summon Ice Beast         Ice/Summ       99%        N/A       1%          4
 Summon Lightning Spire   Summ/Air       79%        N/A       1%          4
 Alistair's Intoxication  Tmut/Pois      60%        N/A       1%          5
 Borgnjor's Vile Clutch   Necr/Erth      57%        N/A       1%          5
 Fireball                 Conj/Fire      47%        3d19      1%          5
 Freezing Cloud           Conj/Ice/Air   49%        6-21      1%          5
 Irradiate                Conj/Tmut      45%        3d26      1%          5
 Silence                  Hex/Air        58%        N/A       1%          5
 Summon Forest            Summ/Tloc      49%        N/A       1%          5
 Summon Mana Viper        Hex/Summ       99%        N/A       1%          5
 Death Channel            Necr           71%        N/A       1%          6
 Plasma Beam              Fire/Air       56%        2x1d71    1%          6
 Dragon Form              Tmut           58%        N/A       1%          7
 Ozocubu's Refrigeration  Ice            64%        4d21      1%          7
 Storm Form               Tmut/Air       54%        N/A       1%          7
 Borgnjor's Revivificati  Necr           71%        N/A       1%          8
 Starburst                Conj/Fire      47%        6d13      2%          6
 Arcjolt                  Conj/Air       39%        1d49      3%          5
 Eringya's Noxious Bog    Tmut/Pois      45%        N/A       4%          6
 Statue Form              Tmut/Erth      60%        N/A       4%          6
 Malign Gateway           Summ/Tloc      49%        N/A       6%          7
 Conjure Ball Lightning   Conj/Air       39%        3x3d13    16%         6
 Haunt                    Necr/Summ      57%        N/A       17%         7
 Animate Armour           Summ/Erth      94%        N/A       19%         4
 Olgreb's Toxic Radiance  Pois           47%        N/A       19%         4
 Death's Door             Necr           71%        N/A       24%         9
 Maxwell's Capacitive Co  Air            50%        โˆž       36%         8
 Iskenderun's Battlesphe  Conj           47%        2d10      45%         5
 Lee's Rapid Deconstruct  Erth           23%        3d13*     45%         5
 Leda's Unmaking          Conj/Erth      23%        9d4       94%         6
 Summon Cactus Giant      Summ           23%        N/A       94%         6
 Monstrous Menagerie      Summ           23%        N/A       100%        7
 Orb of Destruction       Conj           23%        9d8       100%        7
 Spellforged Servitor     Conj/Summ      23%        N/A       100%        7
 Summon Hydra             Summ           23%        N/A       100%        7
 Lehudib's Crystal Spear  Conj/Erth      23%        10d7      100%        8
 Summon Horrible Things   Summ           23%        N/A       100%        8
 Chain Lightning          Conj/Air       39%        3d52      100%        9
 Dragon's Call            Summ           23%        N/A       100%        9
 Fire Storm               Conj/Fire      47%        8d12      100%        9
 Shatter                  Erth           23%        3d20*     100%        9
 Animate Dead             Necr           Unusable   N/A       N/A         4
 Simulacrum               Ice/Necr       Unusable   N/A       N/A         6

Dungeon Overview and Level Annotations

Branches:
Dungeon (15/15)            Temple (1/1) D:5            Lair (5/5) D:9
  Swamp (4/4) Lair:3       Spider (4/4) Lair:2        Slime (5/5) Lair:5
    Orc (2/2) D:10            Elf (3/3) Orc:2        Vaults (5/5) D:13
  Crypt (3/3) Vaults:2       Tomb (3/3) Crypt:3      Depths (4/4) D:15
   Hell (visited)             Dis (7/7) Hell            Geh (7/7) Hell
    Coc (7/7) Hell            Tar (7/7) Hell            Zot (5/5) Depths:4
 Bailey (visited)         Gauntlet (visited)

Altars:
Ashenzari
Cheibriados
Dithmenos
Elyvilon
Fedhas
Gozag
Hepliaklqana
Kikubaaqudgha
Makhleb
Nemelex Xobeh
Okawaru
Qazlal
Ru
Sif Muna
Trog
Uskayaw
Vehumet
Wu Jian
Xom
Yredelemnul
Zin
The Shining One
Jiyva
Lugonu

Shops:
D:9 *   D:10 [   D:13 (   D:14 (   D:15 =([([   Orc:2 [*??   Elf:2 [
Elf:3 !!![   Vaults:4 !   Hell [[?[=   Depths:4 *

Portals:
Hell: Depths:1 Depths:2 Depths:3 Depths:4
Abyss: Lair:5 Depths:2 Depths:3
Pandemonium: Depths:2
Ziggurat: Hell

Annotations:
Elf:3 3 runed translucent doors


Innate Abilities, Weirdness & Mutations

You are an undead lich.
Your unarmed attacks are suffused with negative energy.
You are immune to unholy pain and torment.
Your necromantic spells are more powerful.
You cannot drink.
You are immune to poison.
You are completely covered in rugged brown scales. (AC +3, +7% HP)
Armour fits poorly on your strangely shaped body.
You have a long armoured tail.
You roll when moving toward enemies. (Rampage)
Your long tongue fully drains potion bottles. (2x potion effects)
Your tongue gives you trouble enunciating. (1.5x scroll delay)
You are partially covered in large bone plates. (SH +4)
Your flesh is heat resistant. (rF+)
You are frail. (-10% HP)
You are somewhat resistant to further mutation.


Message History

You block the Executioner's attack.
PTOANNNG!
The Executioner hits you but does no damage.
You block the Executioner's attack.
GONNNNG!
The Executioner hits you but does no damage.
You block the Executioner's attack.
SHROANNG!
You block the Executioner's attack.
BOUMMMMG!
Unknown command.
Casting: Manifold Assault (safe; 0% risk of failure)
Confirm with . or Enter, or press ? or * to list all spells.
You feel a surge of power!
Space momentarily warps into an impossible shape!
You hit the large abomination. You whack the Executioner!
You kill the Executioner!
You hit the large abomination.
Unknown command.
Casting: Manifold Assault (safe; 0% risk of failure)
Confirm with . or Enter, or press ? or * to list all spells.
You feel a surge of power!
Space momentarily warps into an impossible shape!
You devastate the large abomination!!!!
You destroy the large abomination!
You whack the large abomination!
A chaos spawn comes into view.
Unknown command.
Unknown command.
There is an open door here.
You see here a +0 ring mail.
There is a staircase leading out of the dungeon here.
Casting: Manifold Assault (safe; 0% risk of failure)
Confirm with . or Enter, or press ? or * to list all spells.
You feel a surge of power!
Space momentarily warps into an impossible shape!
You punish the chaos spawn, causing immense pain!!!!
You kill the chaos spawn!
The chaos spawn degenerates into a cloud of primal chaos!
You have escaped!

#.###+##.##.#.#####.#
#.###.##.....4# #...##
#.##...#.####.# #.....
#.##...#.# #.# #.....
######.##...#.# #.#
###... #......##...###
#.## #...
#.######.(...#####..#
#...
#.##.............##.#
#...
#.'.......L......ยง'.#
##...
####.............##.#
#....
#####.....#####..#
#....
##...######.####....
#...###....# #.....
#...#...#### #.....
#...#.### #.....
##.##.# #..... #'#..#
#.....


There were no monsters in sight!

Vanquished Creatures
  Cerebov (Pan)
  Antaeus (Coc:7)
  Asmodeus (Geh:7)
  the Royal Jelly (Slime:5)
  Ereshkigal (Tar:7)
  Lom Lobon (Pan)
  Gloorx Vloq (Pan)
  the Serpent of Hell (Dis:7)
  The ghost of Jiheses the Archmage, a legendary DEAE of Vehumet (Zig:21)
  Mnoleg (Pan)
  The ghost of Fafaadel the Archmage, a legendary DECj of Vehumet (Zig:21)
  A seraph (Depths:1)
  The ghost of Betuluewk the Archmage, a legendary DESu of Vehumet (Zig:21)
  The ghost of Sayfri the Cloud Mage, a legendary DrTm of Cheibriados (Zig:21)
  15 orbs of fire
  The ghost of Yllipt the Phalangite, a legendary GnWr of Cheibriados (Zig:21)
  The ghost of Lonang the Archmage, a legendary DESu of Vehumet (Zig:21)
  12 ancient liches
  15 dread liches
  Dispater (Dis:7)
  The ghost of Minism the Axe Maniac, a legendary MiFi of the Shining One (Zig:21)
  The ghost of Zaib the Slayer, a legendary CeHu of the Shining One (Zig:21)
  The ghost of Zaib the Slayer, a legendary CeHu of the Shining One (Zig:21)
  Mara (Vaults:5)
  Mennas (Vaults:4)
  14 juggernauts
  The ghost of adozu the Sluggish Demonspawn, a legendary DsFi of Cheibriados (Zig:21)
  The ghost of Hahenefa the Sensei, a legendary DsWn of Uskayaw (Zig:21)
  The ghost of Diylu the Necromancer, a veteran DsCj of Gozag (Zig:21)
  26 royal mummies
  Sojobo (Vaults:5)
  13 Killer Klowns
  30 shard shrikes
  The ghost of Stil the Slayer, a veteran MiFi of the Shining One (Depths:1)
  Vv (Crypt:1)
  Bai Suzhen (Crypt:2)
  4 curse toes
  Margery (Depths:3)
  44 caustic shrikes
  Xtahua (Crypt:1)
  Geryon (Hell)
  21 golden dragons
  10 profane servitors
  19 bone dragons
  26 pandemonium lords
  25 Tzitzimimeh
  4 electric golems
  20 iron giants
  31 Brimstone Fiends
  A shard shrike zombie (Abyss:3)
  22 tentacled monstrosities
  7 doom hounds
  35 Hell Sentinels
  32 hellephants
  18 tainted leviathans
  18 liches
  A spectral shard shrike (Tar:6)
  A walking crystal tome (Depths:3)
  29 Ice Fiends
  A shard shrike skeleton (Crypt:2)
  19 Orb Guardians
  A titan (shapeshifter) (Vaults:5)
  A walking earthen tome (Depths:3)
  Murray (Hell)
  Asterion (Spider:2)
  18 deep elf master archers
  A walking frostbound tome (Zig:16)
  4 quicksilver dragons
  17 deep elf blademasters
  36 Executioners
  32 titans
  A walking divine tome (Depths:3)
  An acid blob (shapeshifter) (Zig:12)
  40 searing wretches
  35 tentacled starspawn
  18 acid blobs
  17 sphinxes
  14 death cobs
  A kraken (Swamp:2)
  38 ancient champions
  13 shadow dragons
  A sphinx (shapeshifter) (Zig:12)
  Kirke (Lair:3)
  19 storm dragons
  A storm dragon (shapeshifter) (Zig:12)
  3 thorn hunters
  14 tengu reavers
  11 revenants
  15 rockslimes
  The ghost of Lureetou the Warrior, a journeyman MiBe of Trog (Spider:4)
  Donald (Spider:2)
  29 azure jellies
  2 fenstrider witches
  12 nagarajas
  10 draconian knights
  A fire giant (shapeshifter) (Zig:7)
  44 fire giants
  A fenstrider witch (shapeshifter) (Zig:14)
  6 draconian monks
  18 vault wardens
  The ghost of Angani the Spear-Bearer, a journeyman DgCj (D:15)
  15 demonspawn warmongers (Pan)
  33 frost giants
  4 emperor scorpions
  24 narguns
  10 iron dragons
  Aizul (Elf:3)
  8 curse skulls
  11 deep elf sorcerers
  A juggernaut zombie (Abyss:3)
  17 shard shrike simulacra
  28 ghost moths
  15 draconian scorchers
  A frost giant (shapeshifter) (Zig:14)
  22 quicksilver elementals
  2 spectral caustic shrikes
  61 balrugs
  7 draconian annihilators
  6 orc warlords
  8 draconian shifters
  2 spectral juggernauts (Tar:2)
  A spriggan defender (Depths:2)
  3 ghouls
  5 angels
  9 draconian stormcallers
  13 demonspawn blood saints (Pan)
  9 deep elf elementalists
  3 caustic shrike skeletons
  14 quicksilver oozes
  2 broodmothers
  23 demonspawn corrupters
  43 stone giants
  32 very ugly things
  A stone giant (shapeshifter) (Zig:14)
  36 cacodemons
  33 war gargoyles
  20 ironbound preservers
  2 ophanim (Abyss:3)
  11 formless jellyfish
  2 juggernaut skeletons
  30 reapers
  5 ironbound thunderhulks
  10 green draconians
  10 eleionomae
  11 vampire knights
  16 purple draconians
  8 yellow draconians
  21 putrid mouths
  13 deep elf demonologists
  6 bunyips
  Azrael (Spider:2)
  26 elemental wellsprings
  22 wendigos
  7 white draconians
  27 lorocyprocas
  10 red draconians
  14 black draconians
  33 deep elf annihilators
  5 bennus
  A dire elephant (shapeshifter) (Zig:22)
  17 demonspawn black suns
  14 spark wasps
  43 dire elephants
  2 spark wasps (shapeshifter)
  The ghost of alfthe the Severer, a journeyman MiFi of Nemelex Xobeh (Lair:3)
  Snorg (D:14)
  A minotaur (Gauntlet)
  13 eidola
  7 deep elf death magi
  17 merfolk javelineers
  3 crystal guardians (Crypt:3)
  15 ettins
  A spectral quicksilver dragon (Tar:1)
  The ghost of MirrMurr the Skirmisher, a journeyman SpHu of Hepliaklqana (D:12)
  26 iron golems
  21 fire dragons
  13 blizzard demons
  16 entropy weavers
  31 green deaths
  28 mummy priests
  4 merfolk impalers
  Fannar (Lair:3)
  2 spectral spriggans
  3 shambling mangroves (Swamp:4)
  23 yaktaur captains
  7 deep elf high priests
  A great orb of eyes (shapeshifter) (Elf:1)
  A hydra (shapeshifter) (Elf:3)
  3 rakshasas
  18 salamander tyrants
  10 jiangshi
  47 hydras
  20 great orbs of eyes
  6 hell beasts (Pan)
  A quicksilver dragon skeleton (Zig:24)
  2 fenstrider witch zombies
  5 jorogumos
  5 ironbound frosthearts
  9 ice dragons
  The ghost of Votaocegoa the Thaumaturge, a journeyman GnWn of Cheibriados (Lair:3)
  An ice dragon (shapeshifter) (Vaults:4)
  3 ogre magi
  6 spriggan air magi
  3 ghost crabs
  13 caustic shrike simulacra
  3 peacekeepers
  15 catoblepae
  25 vault guards (Vaults:5)
  6 merfolk aquamancers
  24 centaur warriors
  11 juggernaut simulacra
  3 anacondas
  10 two-headed ogres
  2 merfolk avatars
  6 radroaches
  55 dancing weapons
  9 boulder beetles
  3 death knights
  A fenstrider witch skeleton (Pan)
  14 satyrs
  An alligator snapping turtle (Zig:19)
  9 stokers
  89 death scarabs
  9 deep troll shamans
  A satyr (shapeshifter) (Depths:3)
  3 naga warriors
  6 alligators
  3 spectral dire elephants
  43 hell hogs
  9 tengu warriors
  45 thrashing horrors
  3 titan zombies
  4 vampire magi
  11 deep troll earth magi
  The ghost of PostNTower the Summoner, a novice DsSu of Cheibriados (D:10)
  5 orc high priests
  5 spriggan berserkers
  Urug (Lair:3)
  14 naga sharpshooters
  A spectral storm dragon (Tar:1)
  139 sun demons
  32 demonic crawlers
  45 soul eaters
  The ghost of Ge0ff the Covert, a novice OpDe of Fedhas (D:7)
  3 shock serpents
  16 death yaks
  17 hell knights
  17 crystal echidnas
  Nergalle (Lair:2)
  A spectral emperor scorpion (Spider:4)
  16 iron trolls
  26 deep elf knights
  30 wretched stars
  2 storm dragon skeletons
  3 titan skeletons
  The ghost of kae the Transmogrifier, a novice DrTm of Ru (D:6)
  Amaemon (Lair:2)
  39 skeletal warriors
  11 spatial maelstroms
  A bunyip zombie (Abyss:3)
  2 salamander mystics
  33 shadow wraiths
  45 sixfirhies
  2 cherubim
  9 pharaoh ants
  47 deep trolls
  3 golden dragon zombies
  4 skysharks
  A goliath frog (shapeshifter) (Depths:3)
  A sun moth (Spider:3)
  A kraken simulacrum (Coc:7)
  A spark wasp zombie (Depths:2)
  4 fire crabs
  14 orb spiders
  3 spectral anacondas
  21 swamp dragons
  12 glowing orange brains
  A sea snake (shapeshifter) (Depths:4)
  3 sea snakes
  A naga ritualist (Zig:15)
  14 shadow demons
  2 orb spiders (shapeshifter)
  16 phantasmal warriors
  A swamp dragon (shapeshifter) (Depths:3)
  7 quicksilver dragon simulacra
  3 bog bodies (Swamp:4)
  10 goliath frogs
  9 spriggan simulacra
  5 flayed ghosts
  A spectral jorogumo (Spider:4)
  2 orange crystal statues
  9 spriggan druids
  5 steelbarb worms
  2 bunyip skeletons
  A shadow dragon zombie (Crypt:3)
  9 wizards
  16 ironbound convokers
  15 lindwurms
  129 large abominations
  2 anaconda skeletons
  21 orc knights
  22 deep elf archers
  4 obsidian statues
  A spectral hydra (Tar:2)
  2 golden dragon skeletons
  A fenstrider witch simulacrum (Hell)
  18 necromancers
  A wolf spider zombie (Spider:4)
  8 harpies
  26 deep elf pyromancers
  3 orc sorcerers
  An iron dragon zombie (Zig:19)
  A frost giant zombie (Depths:2)
  9 will-o-the-wisps
  2 spectral wolf spiders (Spider:4)
  36 deep elf zephyrmancers
  12 shining eyes
  A mana viper (shapeshifter) (Lair:5)
  3 mana vipers (Zig:18)
  17 wolf spiders
  12 fauns (Zig:24)
  2 salamanders (Depths:3)
  14 cyclopes
  2 oklob plants
  A salamander (shapeshifter) (Depths:4)
  27 moths of wrath
  2 centaur zombies
  16 manticores
  8 worldbinders
  29 ugly things
  A frost giant skeleton (Depths:1)
  A sphinx skeleton (Depths:2)
  16 vault sentinels
  18 elephants
  6 rust devils
  2 fire giant skeletons
  5 ice statues
  A guardian serpent (shapeshifter) (Zig:14)
  2 merfolk sirens
  7 naga magi
  6 spectral centaurs
  2 stone giant skeletons (Pan)
  A dire elephant zombie (Hell)
  24 black mambas
  6 eyes of devastation
  2 iron dragon skeletons
  5 guardian serpents
  4 molten gargoyles (Hell)
  7 water nymphs
  10 apocalypse crabs
  3 titan simulacra
  12 torpor snails
  A centaur skeleton (Hell)
  25 cane toads
  90 smoke demons
  39 orange demons
  2 cane toads (shapeshifter)
  3 gargoyles
  A green draconian zombie (Crypt:1)
  4 naga skeletons
  11 unseen horrors
  3 spectral redbacks (Spider:4)
  A red draconian zombie (Crypt:1)
  46 yaktaurs
  4 spriggan zombies
  A dire elephant skeleton (Tomb:2)
  A yaktaur (shapeshifter) (Zig:14)
  2 kobold demonologists
  2 rime drakes
  25 tormentors
  A bunyip simulacrum (Coc:1)
  9 anaconda simulacra
  58 guardian mummies
  19 komodo dragons
  39 hellions
  4 ice devils
  15 efreet
  5 spriggan skeletons
  2 redback zombies (Spider:4)
  A komodo dragon (shapeshifter) (D:12)
  4 tengu conjurers
  2 burning bushes (Lair:2)
  36 ancient zymes
  A death yak skeleton (Crypt:1)
  8 freezing wraiths
  A golden dragon simulacrum (Coc:6)
  6 iron giant simulacra
  9 red devils
  5 spectral harpies (Tar:1)
  3 spectral nagas
  16 hellwings
  2 harpy zombies
  12 trolls
  A wind drake (shapeshifter) (D:14)
  4 bloated husks
  A meliai (shapeshifter) (Zig:12)
  3 polar bears
  2 spectral culicivoras (Spider:4)
  9 merfolk
  3 spectral tarantellas (Spider:4)
  2 queen bees
  2 shadow dragon simulacra
  16 meliai
  29 tarantellas
  8 tyrant leeches
  22 hornets
  A wind drake (Zig:21)
  25 blink frogs
  3 spectral jumping spiders (Spider:4)
  A guardian serpent zombie (Crypt:2)
  A fire giant simulacrum (Zig:5)
  2 harpy skeletons
  3 dream sheep
  An iron dragon simulacrum (Coc:2)
  41 raiju
  50 flying skulls
  43 jumping spiders
  A fire dragon zombie (Tomb:2)
  A stone giant simulacrum (Coc:7)
  25 culicivoras
  A jumping spider (shapeshifter) (Abyss:3)
  14 spriggans
  3 air elementals
  3 centaur simulacra
  107 slime creatures
  A spriggan (shapeshifter) (Abyss:3)
  4 shadows
  9 dire elephant simulacra
  2 fire dragon skeletons
  A slime creature (shapeshifter) (Zig:3)
  7 fire bats
  A fire bat (shapeshifter) (D:12)
  A vampire (Abyss:3)
  9 wraiths
  6 naga simulacra
  17 ushabtiu
  A black mamba skeleton (Pan)
  15 basilisks
  17 water elementals
  77 yaks
  55 ynoxinuls
  15 golden eyes
  10 wyverns
  A hog (Lair:3)
  99 starcursed masses
  2 steam dragons
  13 fire elementals
  50 neqoxecs
  2 humans (Lair:3)
  19 vampire mosquitoes
  A steam dragon (shapeshifter) (D:12)
  88 redbacks
  61 chaos spawn
  8 wargs
  A naga (Zig:15)
  6 spatial vortices (Abyss:3)
  A two-headed ogre zombie (D:10)
  24 harpy simulacra
  A human zombie (Zig:1)
  2 acid dragons
  21 swamp worms
  A swamp worm (shapeshifter) (Depths:4)
  A glowing shapeshifter zombie (Depths:2)
  3 hydra simulacra
  A glowing shapeshifter skeleton (Zig:24)
  A floating eye (shapeshifter) (Vaults:5)
  2 floating eyes
  13 hell hounds
  17 water moccasins
  12 swamp drakes
  2 ice beasts
  4 black bears
  61 orc warriors
  A swamp drake (shapeshifter) (D:12)
  A black bear (shapeshifter) (Lair:5)
  An ice dragon simulacrum (Coc:2)
  2 sky beasts
  A snapping turtle zombie (Crypt:2)
  4 ettin simulacra
  A boggart (Vaults:1)
  A boggart (shapeshifter) (D:12)
  12 centaurs
  14 ogres
  29 wolves
  3 lemures (D:7)
  3 phantoms
  5 kobold brigands
  52 small abominations
  19 bullfrogs
  10 necrophages
  4 earth elementals
  A gnoll sergeant (D:9)
  2 scorpions (D:5)
  A scorpion (shapeshifter) (D:12)
  5 wights
  2 troll zombies (D:10)
  21 killer bees
  A shapeshifter zombie (Crypt:2)
  8 howler monkeys
  6 electric eels
  5 crimson imps
  7 quasits (Abyss:3)
  4 jellies
  A gnoll bouda (D:8)
  16 orc priests
  5 hounds
  4 iron imps (Abyss:3)
  Terence (D:3)
  6 iguanas
  14 orc wizards
  3 sleepcaps
  5 ogre zombies (D:10)
  2 tengu zombies
  58 mummies
  11 gnolls
  9 river rats (D:5)
  8 adders
  5 shadow imps
  5 white imps (Abyss:3)
  13 ufetubi
  4 worms
  3 dart slugs
  100 orcs
  4 bats
  7 endoplasms
  A giant cockroach (shapeshifter) (D:12)
  A giant cockroach (D:6)
  14 goblins
  A hobgoblin (shapeshifter) (D:12)
  10 hobgoblins
  5 jackals (D:1)
  23 kobolds
  7 quokkas
  5 ball pythons
  3 frilled lizards
  A giant cockroach zombie (Crypt:2)
  A gnoll skeleton (Crypt:2)
  A goblin skeleton (Crypt:1)
  3 goblin zombies (D:10)
  2 hobgoblin skeletons (D:10)
  2 hobgoblin zombies (D:10)
  5 orc skeletons
  14 orc zombies (D:10)
  18 rats
  13 ball lightnings (Pan)
  A butterfly (Lair:3)
  3 creeping infernos
  26 fire vortices
  A foxfire (Swamp:1)
  A lurking horror (Abyss:3)
  12 starspawn tentacles
  A tentacle (Swamp:2)
6465 creatures vanquished.

Vanquished Creatures (collateral kills)
  4 dread liches
  3 ancient liches (Zig:26)
  15 pandemonium lords
  6 juggernauts
  8 royal mummies
  12 Killer Klowns
  3 caustic shrikes (Zig:27)
  A caustic shrike (shapeshifter) (Zig:22)
  10 golden dragons
  5 Brimstone Fiends
  4 iron giants (Zig:27)
  6 hellephants (Zig:25)
  2 tentacled monstrosities (Zig:25)
  6 Hell Sentinels (Zig:27)
  3 Orb Guardians (Zot:5)
  2 titans (Zig:26)
  5 deep elf blademasters (Zig:27)
  A lich (Zig:22)
  10 acid blobs
  3 deep elf master archers (Zig:27)
  17 searing wretches
  2 sphinxes
  3 ancient champions
  2 shadow dragons
  A sphinx (shapeshifter) (Zig:22)
  A storm dragon (Zot:5)
  4 tengu reavers
  16 nagarajas
  A fenstrider witch (shapeshifter) (Zig:22)
  2 azure jellies
  7 draconian monks
  6 fire giants
  4 emperor scorpions
  3 quicksilver elementals (Zig:27)
  3 vault wardens (Zig:26)
  7 deep elf sorcerers (Zig:22)
  A ghost moth (shapeshifter) (Zig:22)
  20 balrugs
  A draconian shifter (Zig:18)
  3 demonspawn blood saints (Zig:22)
  9 draconian annihilators
  2 ghost moths (Zig:8)
  10 orc warlords
  A cacodemon (Zot:5)
  8 very ugly things
  2 broodmothers
  A draconian stormcaller (Zig:18)
  2 stone giants (shapeshifter)
  4 war gargoyles
  2 ironbound preservers (Zig:26)
  A juggernaut skeleton (Zig:24)
  A stone giant (Zig:26)
  A quicksilver ooze (Zig:20)
  4 black draconians
  6 deep elf demonologists
  7 bennus
  7 green draconians
  2 white draconians
  4 deep elf annihilators
  A dire elephant (shapeshifter) (Zig:26)
  A red draconian (Zig:18)
  5 yellow draconians
  A dire elephant (Zig:11)
  A purple draconian (Zig:18)
  An eidolon (Zig:21)
  4 deep elf death magi
  2 merfolk impalers (Zig:21)
  9 merfolk javelineers
  6 green deaths (Zig:25)
  5 ettins
  5 fire dragons (Zig:20)
  3 shambling mangroves (Zig:25)
  11 mummy priests
  8 entropy weavers
  9 deep elf high priests
  2 great orbs of eyes
  A hydra (shapeshifter) (Zig:15)
  3 yaktaur captains
  6 hydras
  A ghost crab (Zig:21)
  An ogre mage (Zig:13)
  20 salamander tyrants
  A spriggan skeleton (Zig:24)
  2 jorogumos
  A catoblepas (Zig:11)
  4 merfolk aquamancers
  An alligator snapping turtle (shapeshifter) (Zig:22)
  A radroach (Zig:17)
  A spriggan zombie (Zig:24)
  4 stokers
  2 dancing weapons (Zig:27)
  A two-headed ogre (Zig:14)
  A boulder beetle (Zig:17)
  8 death scarabs
  2 merfolk avatars
  2 anacondas
  4 naga warriors
  7 orc high priests
  4 satyrs
  4 shock serpents
  4 hell hogs (Zig:25)
  A demonic crawler (Zig:17)
  A shock serpent (shapeshifter) (Zig:15)
  2 naga sharpshooters (Zig:12)
  4 crystal echidnas (Zig:27)
  2 deep elf knights (Zig:27)
  A shadow wraith (Tar:7)
  3 skeletal warriors (Tomb:3)
  2 salamander mystics
  5 pharaoh ants
  7 iron trolls
  An iron troll (shapeshifter) (Zig:22)
  A fire crab (shapeshifter) (Zig:26)
  A glowing orange brain (shapeshifter) (Zig:14)
  2 sixfirhies
  3 fire crabs (Zig:20)
  4 sea snakes
  5 orb spiders
  A deep troll (shapeshifter) (Zig:15)
  2 wizards (Zig:22)
  A spriggan druid (Zig:25)
  8 death drakes (Zig:25)
  3 swamp dragons (Zig:25)
  3 deep elf archers (Zig:27)
  3 naga ritualists
  4 ironbound convokers
  A sea snake (shapeshifter) (Zig:15)
  A phantasmal warrior (Zig:26)
  5 steelbarb worms
  2 orc knights
  An orange crystal statue (Zig:14)
  6 deep elf zephyrmancers (Zig:27)
  11 harpies
  4 ugly things
  4 deep elf pyromancers (Zig:27)
  9 orc sorcerers
  2 shining eyes (shapeshifter)
  A manticore (shapeshifter) (Zig:15)
  5 necromancers (Zig:22)
  A shining eye (Zig:20)
  A cyclops (Zig:13)
  10 manticores
  2 will-o-the-wisps (Zig:25)
  5 moths of wrath
  6 fauns (Zig:19)
  4 wolf spiders
  3 eyes of devastation
  An eye of devastation (shapeshifter) (Zig:14)
  13 naga magi
  8 merfolk sirens
  3 vault sentinels
  10 black mambas
  7 apocalypse crabs
  5 torpor snails
  2 water nymphs (Zig:21)
  2 guardian serpents
  2 cane toads (Zig:11)
  A komodo dragon (Zig:11)
  An unseen horror (shapeshifter) (Zig:26)
  A rime drake (Zig:11)
  4 efreet (Zig:20)
  2 hellions (Zig:25)
  4 tormentors (Zig:27)
  A yaktaur (shapeshifter) (Zig:26)
  21 guardian mummies
  24 merfolk
  An ancient zyme (Zig:16)
  A tyrant leech (shapeshifter) (Zig:22)
  A wind drake (Zig:21)
  2 polar bears (Zig:11)
  A tarantella (shapeshifter) (Zig:27)
  6 hornets (Zig:25)
  3 trolls (Zig:23)
  4 tarantellas
  A merfolk (shapeshifter) (Zig:9)
  A wind drake (shapeshifter) (Zig:14)
  A blink frog (Zig:11)
  6 snapping turtles
  2 culicivoras
  2 jumping spiders (shapeshifter)
  A jumping spider (Zig:17)
  8 slime creatures
  2 spriggans (Zig:25)
  2 air elementals (Zig:27)
  4 flying skulls (Zig:24)
  7 water elementals
  11 ushabtiu
  8 fire elementals
  3 basilisks (Zig:11)
  A neqoxec (Zig:16)
  5 chaos spawn
  5 redbacks
  A redback (shapeshifter) (Zig:26)
  5 wargs
  4 nagas
  2 water moccasins (Zig:11)
  5 hell hounds (Zig:20)
  A floating eye (Zig:20)
  A glowing shapeshifter skeleton (Zig:24)
  A floating eye (shapeshifter) (Zig:22)
  29 orc warriors
  14 ogres
  2 gnoll boudas (Zig:23)
  3 orc priests
  4 orc wizards
  21 mummies
  3 starspawn tentacles (Zig:16)
898 creatures vanquished.

Vanquished Creatures (others)
  The ghost of Lonang the Archmage, a legendary DESu of Vehumet (Zig:21)
  3 royal mummies (Zig:24)
  3 Killer Klowns
  A curse toe (Zig:21)
  2 caustic shrikes (Zig:27)
  3 pandemonium lords
  A hellephant (Zig:17)
  An iron giant (Zig:27)
  A deep elf master archer (Zig:27)
  An eldritch tentacle (Pan)
  A deep elf blademaster (Zig:27)
  2 searing wretches (Zig:17)
  2 shadow dragons (Zig:21)
  A shadow dragon (shapeshifter) (Zig:14)
  A tengu reaver (Zig:22)
  2 rockslimes (Zig:20)
  An azure jelly (shapeshifter) (Zig:7)
  A nagaraja (Zig:22)
  A frost giant (shapeshifter) (Zig:14)
  An emperor scorpion (Zig:8)
  3 balrugs
  2 orc warlords
  A curse skull (Zig:21)
  2 draconian annihilators (Zig:22)
  A war gargoyle (Zig:27)
  3 very ugly things
  A formless jellyfish (Zig:20)
  A green draconian (Zig:18)
  2 deep elf demonologists (Zig:27)
  A putrid mouth (Tar:7)
  4 demonspawn black suns
  A lorocyproca (Pan)
  A white draconian (Zig:18)
  A green death (Zig:14)
  A spark wasp (shapeshifter) (Zig:22)
  An eidolon (Zig:21)
  2 deep elf death magi (Zig:21)
  A merfolk impaler (Zig:21)
  A merfolk javelineer (Zig:21)
  4 mummy priests
  2 fire dragons (Zig:20)
  An entropy weaver (Zig:17)
  2 deep elf high priests (Zig:27)
  3 yaktaur captains (Zig:15)
  2 salamander tyrants
  2 ghost crabs (Zig:21)
  2 ogre magi (Zig:26)
  2 hydras (Zig:25)
  3 death scarabs (Zig:24)
  2 naga warriors (Zig:18)
  A thrashing horror (Zig:16)
  A hell hog (Zig:25)
  A demonic crawler (Spider:3)
  A shock serpent (Zig:15)
  A shock serpent (shapeshifter) (Zig:14)
  2 naga sharpshooters (Zig:15)
  A sun demon (Pan)
  5 soul eaters
  A shadow wraith (Tar:7)
  4 deep elf knights
  A pharaoh ant (Zig:17)
  4 death drakes (Zig:25)
  2 ironbound convokers (Zig:15)
  2 sea snakes (Zig:21)
  3 wizards (Pan)
  An orb spider (Zig:16)
  A steelbarb worm (Zig:17)
  An orc knight (Zig:23)
  4 deep elf pyromancers
  3 phantasmal warriors (Zig:21)
  2 harpies (Zig:21)
  3 swamp dragons (Zig:25)
  A deep elf zephyrmancer (Elf:2)
  A will-o-the-wisp (Abyss:3)
  2 orc sorcerers (Zig:13)
  A manticore (Zig:21)
  2 ugly things (Zig:14)
  A cyclops (Zig:14)
  2 apocalypse crabs
  4 moths of wrath
  4 black mambas
  An ice statue (Zig:21)
  A water nymph (Zig:21)
  3 guardian serpents
  A smoke demon (Zig:16)
  A hellion (Zig:25)
  2 efreet (Zig:20)
  A tormentor (Zig:17)
  5 guardian mummies
  An ancient zyme (Zig:16)
  An ice devil (Hell)
  4 merfolk
  A troll (Zig:23)
  A wind drake (shapeshifter) (Zig:22)
  A polar bear (shapeshifter) (Zig:27)
  A polar bear (Zig:11)
  2 hornets (Zig:25)
  2 flying skulls
  A snapping turtle (Zig:21)
  5 slime creatures
  A redback (Zig:17)
  A chaos spawn (Zig:22)
  2 hell hounds (Zig:20)
  A naga (Zig:18)
  7 orc warriors
  4 ogres
  An orc priest (Zig:23)
  An orc wizard (Zig:14)
  11 mummies
  A gnoll (Zig:23)
  7 ball lightnings
  4 fire vortices (Zig:14)
  29 foxfires
  2 spectral weapons (Bailey)
  44 starspawn tentacles
  8 tentacles (Swamp:2)
307 creatures vanquished.

Grand Total: 7670 creatures vanquished

Notes
Turn   | Place    | Note
-------+----------+-------------------------------------------
     0 | D:1      | Turgor the Armataur Fighter began the quest for the Orb.
     0 | D:1      | Reached XP level 1. HP: 19/19 MP: 1/1
   210 | D:1      | Reached XP level 2. HP: 26/26 MP: 2/2
   693 | D:2      | Reached XP level 3. HP: 32/32 MP: 3/3
   835 | D:2      | Identified the +0 leather armour of the Wizarding Gods {rF+
                  | rCorr Stlth+}
   874 | D:2      | You fall into a shaft and drop 2 floors!
  1000 | D:3      | Reached XP level 4. HP: 22/40 MP: 4/4
  1002 | D:3      | Noticed Terence
  1383 | D:3      | Killed Terence
  1836 | D:3      | Reached XP level 5. HP: 48/48 MP: 5/5
  2189 | D:4      | Noticed a phantom
  2206 | D:4      | Killed a phantom
  2750 | D:5      | Entered Level 5 of the Dungeon
  2784 | D:5      | Reached XP level 6. HP: 36/55 MP: 6/6
  3019 | D:5      | Reached skill level 5 in Maces & Flails
  3019 | D:5      | Identified the +1 ring mail of Immorality {Fly rF+ Regen+}
  3081 | D:5      | Identified the +7 orcbow of Instinct {heavy, rC+ rN+ Int+4}
  3094 | D:5      | Reached XP level 7. HP: 64/64 MP: 7/7
  3113 | D:5      | Found a staircase to the Ecumenical Temple.
  3222 | Temple   | Entered the Ecumenical Temple
  3271 | Temple   | Became a worshipper of Warmaster Okawaru
  3770 | D:4      | Reached skill level 5 in Fighting
  4400 | D:6      | Noticed a vampire mosquito
  4415 | D:6      | Killed a vampire mosquito
  4416 | D:6      | Reached XP level 8. HP: 47/73 MP: 8/8
  4446 | D:6      | Reached * piety under Okawaru
  4476 | D:6      | Found a runed translucent door.
  4478 | D:6      | Noticed kae's ghost (novice DrTm)
  4899 | D:6      | Found an ornate altar of the Wu Jian Council.
  5136 | D:6      | Found a runed translucent door.
  5255 | D:7      | Found a flagged portal.
  5317 | Bailey   | Entered a bailey
  5371 | Bailey   | Noticed an orc warlord
  5433 | Bailey   | Reached ** piety under Okawaru
  5495 | Bailey   | Found a runed translucent gate.
  5497 | Bailey   | Found a runed translucent gate.
  5499 | Bailey   | Found a runed translucent gate.
  5506 | Bailey   | Noticed an orc knight
  5541 | Bailey   | Killed an orc knight
  5542 | Bailey   | Reached XP level 9. HP: 21/84 MP: 9/9
  5693 | Bailey   | Acquired 1063 gold pieces
  5695 | Bailey   | Upgraded the game from 0.31-a0-145-g046c7d2549 to
                  | 0.31-a0-152-g6aa68a64a1
  5695 | Bailey   | Acquired a +0 barding of flying
  5701 | Bailey   | Reached XP level 10. HP: 99/99 MP: 10/10
  5701 | Bailey   | Reached XP level 11. HP: 105/105 MP: 11/11
  5782 | Bailey   | Killed an orc warlord
  5783 | Bailey   | Reached skill level 10 in Fighting
  5783 | Bailey   | Reached skill level 1 in Invocations
  5828 | D:7      | Found a transporter.
  5831 | D:7      | Noticed a boulder beetle
  5834 | D:7      | Noticed Ge0ff's ghost (novice OpDe)
  5902 | D:7      | Found a transporter.
  5983 | D:7      | Found a stormy altar of Qazlal.
  6042 | D:7      | Reached skill level 10 in Armour
  6068 | D:7      | Acquired a manual of Ranged Weapons
  6078 | D:7      | Noticed Pikel
  6080 | D:7      | Pikel changed into Pikel the golden eye
  6080 | D:7      | Noticed Pikel
  6205 | D:7      | Killed Pikel the golden eye
  6318 | D:7      | Found a hazy altar of Hepliaklqana.
  6321 | D:7      | Found a radiant altar of Vehumet.
  6323 | D:7      | Found a shimmering altar of Xom.
  6346 | D:8      | Found a shadowy altar of Dithmenos.
  6522 | D:8      | Found a basalt altar of Yredelemnul.
  6704 | D:8      | Reached skill level 1 in Stealth
  6895 | D:8      | Reached *** piety under Okawaru
  7250 | D:9      | Found a staircase to the Lair.
  7567 | D:9      | Reached **** piety under Okawaru
  7725 | D:9      | Found Paoner Ukhlo's General Store.
  7728 | D:9      | Bought a potion of haste for 110 gold pieces
  8038 | D:10     | Entered Level 10 of the Dungeon
  8090 | D:10     | Learned a level 4 spell: Manifold Assault
  8146 | D:10     | Found Habaomi's Armour Boutique.
  8276 | D:10     | Found a staircase to the Orcish Mines.
  8674 | D:10     | Found a transporter.
  8674 | D:10     | Noticed PostNTower's ghost (novice DsSu)
  8677 | D:10     | Found a transporter.
  8836 | D:10     | Noticed a two-headed ogre
  8849 | D:10     | Killed a two-headed ogre
  8850 | D:10     | Reached XP level 12. HP: 86/114 MP: 14/14
  8919 | D:10     | Noticed a two-headed ogre
  8925 | D:10     | Killed a two-headed ogre
  9182 | D:11     | Reached ***** piety under Okawaru
  9500 | D:11     | Upgraded the game from 0.31-a0-152-g6aa68a64a1 to
                  | 0.31-a0-161-gb58dd9be76
  9789 | D:11     | Noticed a two-headed ogre
  9796 | D:11     | Killed a two-headed ogre
  9797 | D:11     | Reached skill level 5 in Invocations
  9845 | D:11     | Noticed a two-headed ogre
  9863 | D:11     | Killed a two-headed ogre
 10051 | D:11     | Received a gift from Okawaru
 10259 | D:12     | Found a transporter.
 10274 | D:12     | Found a transporter.
 10391 | D:12     | Noticed a boulder beetle
 10748 | Lair:1   | Entered Level 1 of the Lair of Beasts
 11017 | Lair:1   | Received a gift from Okawaru
 11050 | Lair:1   | Identified the +0 helmet of Jahumoj {Int+4 Slay+3}
 11489 | Lair:2   | Noticed a death yak
 11489 | Lair:2   | Noticed a death yak
 11489 | Lair:2   | Noticed a death yak
 11489 | Lair:2   | Noticed a catoblepas
 11542 | Lair:2   | Noticed Nergalle
 11549 | Lair:2   | Killed Nergalle
 11627 | Lair:2   | Noticed Amaemon
 11644 | Lair:2   | Killed Amaemon
 11738 | Lair:2   | Noticed a seven-headed hydra
 11745 | Lair:2   | Received a gift from Okawaru
 11746 | Lair:2   | Reached XP level 13. HP: 124/124 MP: 17/17
 11913 | Lair:2   | Identified the +1 leather armour "Beeh" {Harm}
 11962 | Lair:2   | Upgraded the game from 0.31-a0-161-gb58dd9be76 to
                  | 0.31-a0-164-g2312942fda
 11978 | Lair:2   | Found a hole to the Spider Nest.
 12385 | Lair:2   | Reached skill level 15 in Maces & Flails
 12811 | Lair:3   | Noticed Fannar
 12820 | Lair:3   | Killed Fannar
 12820 | Lair:3   | Reached ****** piety under Okawaru
 12820 | Lair:3   | Identified the +7 mace of Irrepressible Laughter {heavy,
                  | rF- rCorr Str+3} (Okawaru gifted it to you on level 3 of
                  | the Lair of Beasts)
 12820 | Lair:3   | Received a gift from Okawaru
 12846 | Lair:3   | Noticed Urug
 12859 | Lair:3   | Killed Urug
 12927 | Lair:3   | Noticed Kirke
 12940 | Lair:3   | Killed Kirke
 13149 | Lair:3   | Found a runed translucent gate.
 13150 | Lair:3   | Found a runed translucent gate.
 13150 | Lair:3   | Found a runed translucent gate.
 13152 | Lair:3   | Noticed alfthe's ghost (journeyman MiFi)
 13152 | Lair:3   | Noticed Votaocegoa's ghost (journeyman GnWn)
 13240 | Lair:3   | Found a staircase to the Swamp.
 13717 | Lair:4   | Received a gift from Okawaru
 13911 | Lair:4   | Reached skill level 1 in Translocations
 13936 | Lair:4   | Reached skill level 1 in Spellcasting
 14047 | Lair:4   | Reached XP level 14. HP: 129/134 MP: 19/19
 14394 | Lair:4   | Received a gift from Okawaru
 14851 | Lair:5   | Entered Level 5 of the Lair of Beasts
 15209 | Lair:5   | Identified the +0 barding "Nobb" {+Inv SInv} (Okawaru
                  | gifted it to you on level 5 of the Lair of Beasts)
 15209 | Lair:5   | Received a gift from Okawaru
 15762 | Lair:5   | Found a viscous altar of Jiyva.
 15765 | Lair:5   | Found a staircase to the Slime Pits.
 16363 | Lair:5   | Reached skill level 5 in Translocations
 16997 | Lair:5   | Found a corrupted altar of Lugonu.
 16997 | Lair:5   | Found a one-way gate to the infinite horrors of the Abyss.
 17410 | Lair:3   | Noticed Sonja
 17540 | Lair:3   | Sonja changed into Sonja the unseen horror
 17540 | Lair:3   | Noticed Sonja
 17543 | Lair:3   | Killed Sonja the unseen horror
 17615 | Lair:3   | Reached skill level 5 in Spellcasting
 17648 | Lair:3   | Reached XP level 15. HP: 126/143 MP: 22/22
 17936 | D:6      | Killed kae's ghost
 17987 | D:7      | Killed Ge0ff's ghost
 18157 | D:10     | Killed PostNTower's ghost
 18339 | D:12     | Found a runed translucent gate.
 18339 | D:12     | Found a runed translucent gate.
 18341 | D:12     | Found a runed translucent gate.
 18438 | D:12     | Found a transporter.
 18473 | D:12     | Found a transporter.
 18744 | D:12     | Identified the +3 chain mail of Kiwang {+Blink rPois}
                  | (Okawaru gifted it to you on level 12 of the Dungeon)
 18744 | D:12     | Received a gift from Okawaru
 18768 | D:12     | Found a runed translucent gate.
 18768 | D:12     | Found a runed translucent gate.
 18775 | D:12     | Noticed MirrMurr's ghost (journeyman SpHu)
 18777 | D:12     | Noticed a tentacled monstrosity
 18778 | D:12     | Found a runed translucent gate.
 18834 | D:13     | Noticed Nessos
 18836 | D:13     | Nessos changed into Nessos the dream sheep
 18836 | D:13     | Noticed Nessos
 18839 | D:13     | Killed Nessos the dream sheep
 19041 | D:13     | Acquired the +4 barding of Zaarosai {Drain rElec Dex+3}
 19620 | D:13     | Identified the staff of earth "Adwob" {rC++}
 19657 | D:13     | Found a gate to the Vaults.
 19676 | D:13     | Found Gagosk's Antique Weapon Shoppe.
 20059 | D:14     | Found a portal to a secret trove of treasure.
 20080 | D:14     | Noticed Snorg
 20088 | D:14     | Killed Snorg
 20091 | D:14     | Found a gate leading to a gauntlet.
 20108 | Gauntlet | Entered a Gauntlet
 20108 | Gauntlet | Found a transporter.
 20108 | Gauntlet | Found a transporter.
 20121 | Gauntlet | Found a transporter.
 20139 | Gauntlet | Found a transporter.
 20139 | Gauntlet | Found a transporter.
 20142 | Gauntlet | Found a transporter.
 20142 | Gauntlet | Found a transporter.
 20142 | Gauntlet | Found a transporter.
 20153 | Gauntlet | Found a runed translucent gate.
 20153 | Gauntlet | Found a runed translucent gate.
 20153 | Gauntlet | Found a runed translucent gate.
 20156 | Gauntlet | Found a transporter.
 20171 | Gauntlet | Found a transporter.
 20175 | Gauntlet | Found a runed translucent door.
 20182 | Gauntlet | Found a transporter.
 20200 | Gauntlet | Found a transporter.
 20218 | Gauntlet | Found a transporter.
 20228 | Gauntlet | Found a runed translucent door.
 20228 | Gauntlet | Found a runed translucent door.
 20233 | Gauntlet | Found a transporter.
 20466 | Gauntlet | Identified the ring "Jun Giv" {EV+5 SInv}
 20502 | Gauntlet | Identified the +1 leather armour of Dithmenos's Approval
                  | {rN+ Str+4 Dex+3}
 20686 | D:14     | Reached skill level 10 in Invocations
 20831 | D:14     | Found a shimmering blue altar of Sif Muna.
 21091 | D:14     | Received a gift from Okawaru
 21189 | D:14     | Found Byuni's Antique Weapon Shop.
 21202 | D:14     | Identified the ring of Nuluckor {rF+ rC+ Will- Dex+3}
 21599 | Orc:1    | Entered Level 1 of the Orcish Mines
 21649 | Orc:1    | Identified the +0 barding of Responsibility {Rampage *Slow
                  | rN++ Int+2} (Okawaru gifted it to you on level 1 of the
                  | Orcish Mines)
 21649 | Orc:1    | Received a gift from Okawaru
 21677 | Orc:1    | Upgraded the game from 0.31-a0-164-g2312942fda to
                  | 0.31-a0-167-g1c394c0614
 21690 | D:10     | Reached skill level 1 in Dodging
 21886 | Orc:2    | Entered Level 2 of the Orcish Mines
 22020 | Orc:2    | Paralysed by an orc sorcerer for 5 turns
 22068 | Orc:2    | Found a staircase to the Elven Halls.
 23030 | Orc:2    | Reached XP level 16. HP: 147/154 MP: 25/25
 23036 | Orc:2    | Found a burning altar of Makhleb.
 23199 | Orc:2    | Found Zisi Hyisa's General Store.
 23199 | Orc:2    | Found Veiraul's Antique Armour Shop.
 23220 | Orc:2    | Bought a scroll of identify for 28 gold pieces
 23220 | Orc:2    | Bought a scroll of identify for 28 gold pieces
 23220 | Orc:2    | Bought a +2 pair of gloves of strength for 301 gold pieces
 23423 | Orc:2    | Found Aqicli's Magic Scroll Shop.
 23423 | Orc:2    | Found Plog's Magic Scroll Shoppe.
 23459 | Orc:2    | Bought a scroll of identify for 30 gold pieces
 23459 | Orc:2    | Bought a scroll of identify for 30 gold pieces
 23470 | Orc:2    | Bought a scroll of acquirement for 624 gold pieces
 23470 | Orc:2    | Bought a scroll of identify for 24 gold pieces
 23471 | Orc:2    | Acquired 1315 gold pieces
 24039 | Spider:1 | Entered Level 1 of the Spider Nest
 24578 | Spider:1 | Received a gift from Okawaru
 24649 | Spider:1 | You fall into a shaft and drop 1 floor!
 25031 | Spider:2 | Noticed Donald
 25044 | Spider:2 | Killed Donald
 25831 | Spider:1 | Received a gift from Okawaru
 25841 | Spider:1 | Identified the +0 chain mail of Daerchy {rF+ rN+ Regen+}
 25955 | Spider:1 | Received a gift from Okawaru
 26493 | Spider:2 | Noticed Azrael
 26613 | Spider:2 | Killed Azrael
 26614 | Spider:2 | Reached skill level 5 in Dodging
 27351 | Spider:2 | Noticed Asterion
 27603 | Spider:2 | Noticed an Executioner
 27603 | Spider:2 | Killed Asterion
 28496 | Spider:3 | Reached XP level 17. HP: 113/164 MP: 27/27
 28596 | Spider:3 | Reached skill level 10 in Translocations
 28628 | Spider:3 | Upgraded the game from 0.31-a0-167-g1c394c0614 to
                  | 0.31-a0-174-g85c54bcb58
 28746 | Spider:3 | Received a gift from Okawaru
 30189 | Spider:4 | Entered Level 4 of the Spider Nest
 30225 | Spider:3 | Identified the +1 eveningstar "Uhuamov" {flame, rN+}
                  | (Okawaru gifted it to you on level 3 of the Spider Nest)
 30225 | Spider:3 | Received a gift from Okawaru
 31197 | Spider:4 | Found a runed translucent door.
 31197 | Spider:4 | Noticed Lureetou's ghost (journeyman MiBe)
 31197 | Spider:4 | Found the sphere of Battle
 31241 | Spider:4 | Killed Lureetou's ghost
 31293 | Spider:4 | Identified the +0 cloak "Pabir" {Str+8}
 32198 | Spider:4 | Reached skill level 15 in Armour
 32275 | Spider:4 | Identified the +4 pair of gloves of Yrpheif {*Slow rPois
                  | Dex-5 SInv} (Okawaru gifted it to you on level 4 of the
                  | Spider Nest)
 32275 | Spider:4 | Received a gift from Okawaru
 32489 | Spider:4 | Reached skill level 15 in Fighting
 33170 | Spider:4 | Got a gossamer rune of Zot
 33454 | Swamp:1  | Entered Level 1 of the Swamp
 33633 | Swamp:1  | HP: 5/166 [will-o-the-wisp/foxfire (34)]
 33662 | Swamp:1  | Reached XP level 18. HP: 103/174 MP: 8/30
 34395 | Swamp:1  | Identified the -1 pair of gloves of Ennui {rC+ Will+}
 34722 | Swamp:2  | Identified the -1 helmet of the Lost Deaths {Int+6 Stlth+}
                  | (Okawaru gifted it to you on level 2 of the Swamp)
 34722 | Swamp:2  | Received a gift from Okawaru
 35010 | Swamp:2  | Reached skill level 1 in Evocations
 35491 | Swamp:3  | Identified the ring of Joy {rPois rF+ rC+ Int+3}
 36689 | Swamp:4  | Entered Level 4 of the Swamp
 37197 | Swamp:4  | Identified the +0 barding of Dawn {Harm rElec Int-2 Stlth+}
                  | (Okawaru gifted it to you on level 4 of the Swamp)
 37197 | Swamp:4  | Received a gift from Okawaru
 37819 | Swamp:4  | Learned a level 1 spell: Apportation
 37975 | Swamp:4  | Reached XP level 19. HP: 184/184 MP: 24/32
 37991 | Swamp:4  | Reached skill level 5 in Evocations
 38111 | Swamp:4  | Got a decaying rune of Zot
 38485 | Lair:3   | Killed alfthe's ghost
 38492 | Lair:3   | Killed Votaocegoa's ghost
 39082 | D:12     | Killed MirrMurr's ghost
 39093 | D:12     | Reached skill level 10 in Dodging
 39506 | Elf:1    | Entered Level 1 of the Elven Halls
 39957 | Elf:1    | Received a gift from Okawaru
 40077 | Elf:1    | Identified the +3 dire flail of Conscience {heavy, rF+
                  | Str-2 Stlth+} (Okawaru gifted it to you on level 1 of the
                  | Elven Halls)
 40077 | Elf:1    | Received a gift from Okawaru
 40748 | Elf:2    | Found Fyttuu's Antique Armour Shop.
 40887 | Abyss:3  | Cast into level 3 of the Abyss (a deep elf sorcerer)
 40908 | Elf:2    | Escaped the Abyss
 41813 | Elf:2    | Found a runed translucent gate.
 41813 | Elf:2    | Found a runed translucent gate.
 41813 | Elf:2    | Found a runed translucent gate.
 41895 | Elf:2    | Received a gift from Okawaru
 42982 | Elf:3    | Entered Level 3 of the Elven Halls
 43000 | Elf:3    | Found a runed translucent gate.
 43001 | Elf:3    | Found a runed translucent gate.
 43001 | Elf:3    | Found a runed translucent gate.
 43243 | Elf:3    | Found Ykho's Distillery.
 43246 | Elf:3    | Found Voreppaz's Armour Emporium.
 43246 | Elf:3    | Found Dijam's Distillery.
 43255 | Elf:3    | Bought a potion of heal wounds for 65 gold pieces
 43255 | Elf:3    | Bought a potion of invisibility for 104 gold pieces
 43255 | Elf:3    | Bought a potion of curing for 39 gold pieces
 43255 | Elf:3    | Bought a potion of enlightenment for 65 gold pieces
 43255 | Elf:3    | Bought a potion of curing for 39 gold pieces
 43255 | Elf:3    | Bought a potion of resistance for 130 gold pieces
 43256 | Elf:3    | Found Numerph's Distillery.
 43262 | Elf:3    | Bought 2 potions of cancellation for 224 gold pieces
 43262 | Elf:3    | Bought a potion of enlightenment for 70 gold pieces
 43262 | Elf:3    | Bought a potion of haste for 140 gold pieces
 43262 | Elf:3    | Bought a potion of haste for 140 gold pieces
 43265 | Elf:3    | Bought a potion of magic for 128 gold pieces
 43265 | Elf:3    | Bought a potion of resistance for 160 gold pieces
 43265 | Elf:3    | Bought a potion of heal wounds for 80 gold pieces
 43265 | Elf:3    | Bought a potion of curing for 48 gold pieces
 43265 | Elf:3    | Bought a potion of curing for 48 gold pieces
 43265 | Elf:3    | Bought 2 potions of ambrosia for 256 gold pieces
 43642 | Elf:3    | Reached XP level 20. HP: 171/196 MP: 33/33
 43804 | Elf:3    | Identified the +3 hand crossbow of the Vulture {elec, Drain
                  | Str+4} (Okawaru gifted it to you on level 3 of the Elven
                  | Halls)
 43804 | Elf:3    | Received a gift from Okawaru
 44332 | Elf:3    | Paralysed by an air elemental for 1 turns
 44388 | Elf:3    | Identified the staff of earth "Buocommin" {rPois Will+ MP-9
                  | Stlth+}
 44392 | Abyss:3  | Cast into level 3 of the Abyss (a deep elf demonologist)
 44611 | Elf:3    | Escaped the Abyss
 44694 | Elf:3    | Identified the +1 leather armour of the Beginning {rF+ rC+}
 45044 | Elf:3    | Reached skill level 10 in Evocations
 45240 | Elf:3    | Noticed Aizul
 45243 | Elf:3    | Killed Aizul
 45365 | Elf:3    | Received a gift from Okawaru
 45378 | Elf:3    | Identified the quicksilver dragon scales of the Charred
                  | Dropbear {-Tele Will+ Str+5}
 45784 | Elf:3    | Identified the +8 great sword "Ischysch" {holy, rN+ rCorr
                  | Stlth+}
 45811 | Elf:3    | Identified the +5 war axe of Zutol {drain, Str+3}
 46567 | Elf:3    | Identified the staff of poison "Ysohy" {rPois rC+++ Will-
                  | Int+5}
 46572 | Elf:3    | Got Echafih's Octavo of Pneumatic Lithomancy
 47012 | Vaults:1 | Entered Level 1 of the Vaults
 47270 | Vaults:1 | Identified the staff of death "Quyw" {rPois rC- rN+ Dex+3}
 47492 | Vaults:1 | Identified the +2 leather armour of the Dolphin {rF+++ rN++
                  | Dex-2}
 47562 | Vaults:1 | Paralysed by a great orb of eyes for 3 turns
 47835 | Vaults:1 | Paralysed by a sphinx for 5 turns
 47851 | Vaults:1 | Identified the +14 crystal plate armour "Jedoegew" {Int+3}
                  | (Okawaru gifted it to you on level 1 of the Vaults)
 47851 | Vaults:1 | Received a gift from Okawaru
 47989 | Vaults:1 | Paralysed by a sphinx for 3 turns
 47995 | Vaults:1 | Identified the +2 chain mail "Ojaj" {Harm rPois rF- Regen+}
 48011 | Vaults:1 | Reached skill level 10 in Shields
 48011 | Vaults:1 | Reached XP level 21. HP: 208/208 MP: 34/34
 49032 | Vaults:2 | Found a staircase to the Crypt.
 50178 | Vaults:2 | Identified the +0 barding "Muilenn" {Will+} (Okawaru gifted
                  | it to you on level 2 of the Vaults)
 50178 | Vaults:2 | Received a gift from Okawaru
 51007 | Vaults:3 | Noticed a golden dragon
 51018 | Vaults:3 | Killed a golden dragon
 51060 | Vaults:3 | Identified the +8 long sword of a Thousand People {heavy,
                  | MP-9 Dex+7}
 52183 | Vaults:4 | Noticed Mennas
 52226 | Vaults:4 | Killed Mennas
 52261 | Vaults:4 | Identified the +6 great mace "Avuirif" {venom, Int-4 Dex+5}
                  | (Okawaru gifted it to you on level 4 of the Vaults)
 52261 | Vaults:4 | Received a gift from Okawaru
 52455 | Vaults:4 | Paralysed by a great orb of eyes for 2 turns
 52566 | Vaults:4 | Reached skill level 15 in Shields
 52642 | Vaults:4 | Reached XP level 22. HP: 220/220 MP: 15/35
 52836 | Vaults:4 | Found Usaitor's Distillery.
 52845 | Vaults:4 | Bought a potion of heal wounds for 105 gold pieces
 53622 | D:15     | Entered Level 15 of the Dungeon
 53650 | D:15     | Found Waoligim's Antique Armour Emporium.
 53719 | D:15     | Identified the +5 glaive "Yrotyqa" {chaos, rPois}
 54005 | D:15     | Received a gift from Okawaru
 54106 | D:15     | Found Luankieli's Weapon Emporium.
 54121 | D:15     | Found Ynuorchu's Jewellery Shoppe.
 54399 | D:15     | Found Ziloj's Armour Emporium.
 54459 | D:15     | Found a staircase to the Depths.
 54738 | D:15     | Found Elolaurph's Weapon Shoppe.
 54966 | D:15     | Found a runed translucent gate.
 55076 | D:15     | Found a runed translucent gate.
 55078 | D:15     | Found a runed translucent gate.
 55079 | D:15     | Noticed Angani's ghost (journeyman DgCj)
 55197 | D:15     | Found a sacrificial altar of Ru.
 55317 | D:15     | Found a viscous altar of Jiyva.
 55349 | D:15     | Killed Angani's ghost
 55568 | Depths:1 | Entered Level 1 of the Depths
 55699 | Depths:1 | Found a transporter.
 55703 | Depths:1 | Noticed Stil's ghost (veteran MiFi)
 55923 | Depths:1 | Found a gateway to Hell.
 56032 | Depths:1 | Found a transporter.
 56476 | Depths:1 | Found a one-way gateway to a ziggurat.
 56590 | Depths:1 | Identified the +2 scale mail of the Duke {-Cast Fly Regen+
                  | rCorr} (Okawaru gifted it to you on level 1 of the Depths)
 56590 | Depths:1 | Received a gift from Okawaru
 56909 | Depths:2 | Reached skill level 1 in Fire Magic
 57048 | Depths:2 | Reached skill level 1 in Throwing
 57066 | Depths:2 | Found a flickering gateway to a bazaar.
 57093 | Bazaar   | Entered a bazaar
 57094 | Bazaar   | Found Igivvud's Book Shop.
 57105 | Bazaar   | Found Koithrur's Magic Scroll Shop.
 57110 | Bazaar   | Found Egopeamo's Antique Weapon Shop.
 57113 | Bazaar   | Bought a scroll of revelation for 52 gold pieces
 57113 | Bazaar   | Bought a scroll of fog for 28 gold pieces
 57113 | Bazaar   | Bought a scroll of acquirement for 364 gold pieces
 57113 | Bazaar   | Bought a scroll of teleportation for 21 gold pieces
 57116 | Bazaar   | Found Syowkofi's Armour Shoppe.
 57121 | Bazaar   | Found Paawuh's General Store.
 57130 | Bazaar   | Bought a scroll of enchant armour for 82 gold pieces
 57130 | Bazaar   | Bought a potion of cancellation for 88 gold pieces
 57130 | Bazaar   | Acquired a manual of Hexes
 57132 | Bazaar   | Bought the +2 chain mail of Xatigell {*Slow rCorr Slay+4}
                  | for 421 gold pieces
 57144 | Bazaar   | Bought a runed morningstar for 210 gold pieces
 57161 | Bazaar   | Bought a manual of Stealth for 720 gold pieces
 57161 | Bazaar   | Bought an Inescapable Atlas for 288 gold pieces
 57161 | Bazaar   | Bought a book of Flames for 252 gold pieces
 57168 | Bazaar   | Learned a level 6 spell: Plasma Beam
 57177 | Bazaar   | Learned a level 8 spell: Ignition
 57379 | Depths:2 | Reached skill level 1 in Air Magic
 58056 | Depths:2 | Found a one-way gate leading to the halls of Pandemonium.
 58270 | Depths:2 | Reached skill level 5 in Fire Magic
 58640 | Depths:2 | Got the Annotations on Venin and Minerals
 59043 | Depths:2 | Paralysed by a floating eye for 3 turns
 59448 | Depths:3 | Received a gift from Okawaru
 59574 | Depths:3 | Noticed Margery
 59588 | Depths:3 | Killed Margery
 59764 | D:14     | You paid a toll of +2 storm dragon scales to enter a
                  | treasure trove
 59765 | Trove    | Entered a treasure trove
 59791 | Trove    | Identified the ring "Oceeph" {rElec rPois Will+ Str-5}
 59840 | Trove    | Got Sif Muna's Parchment of Charnel Fire
 59842 | Trove    | Got Sif Muna's Elucidation of the Reshaped Sun
 59866 | Trove    | Reached XP level 23. HP: 232/232 MP: 36/36
 59866 | Trove    | Reached XP level 24. HP: 240/240 MP: 36/36
 60029 | Depths:3 | Reached XP level 25. HP: 219/249 MP: 36/36
 60386 | Depths:3 | Reached skill level 10 in Fire Magic
 60552 | Depths:3 | Paralysed by a vampire knight for 2 turns
 60681 | Depths:3 | Noticed a juggernaut
 60692 | Depths:3 | Killed a juggernaut
 60694 | Depths:3 | Paralysed by a sphinx for 3 turns
 61928 | Depths:4 | Entered Level 4 of the Depths
 62215 | Depths:4 | Found a gate to the Realm of Zot.
 62422 | Depths:4 | Reached skill level 10 in Spellcasting
 62427 | Depths:4 | Received a gift from Okawaru
 62512 | Depths:4 | Noticed a juggernaut
 62518 | Depths:4 | Identified the +4 orcbow of Descent {heavy, Will+ rCorr}
 62519 | Depths:4 | Killed a juggernaut
 62758 | Depths:4 | Found Giwoxtai's General Store.
 62782 | Depths:4 | Bought the ring of the Archfiend {Fly rC+ Will+ rCorr} for
                  | 934 gold pieces
 62794 | Depths:4 | Learned a level 8 spell: Disjunction
 62803 | Depths:4 | Learned a level 8 spell: Discord
 62842 | Depths:4 | Found an opulent altar of Gozag.
 62847 | Depths:4 | Fell from the grace of Okawaru
 62847 | Depths:4 | Became a worshipper of Gozag Ym Sagoz the Greedy
 63426 | Depths:4 | Reached skill level 5 in Throwing
 63923 | Slime:1  | Entered Level 1 of the Pits of Slime
 63948 | Slime:1  | You are sucked into a shaft and drop 1 floor!
 64396 | Slime:2  | Gained mutation: You occasionally lose the ability to read
                  | scrolls when taking damage. [a shining eye]
 64642 | Slime:2  | Gained mutation: Your body sometimes deteriorates upon
                  | taking damage. [a shining eye]
 64644 | Slime:2  | Gained mutation: Your spells are a little easier to cast,
                  | but a little less powerful. [a shining eye]
 64646 | Slime:2  | Lost mutation: You occasionally lose the ability to read
                  | scrolls when taking damage. [potion of mutation]
 64646 | Slime:2  | Lost mutation: Your spells are a little easier to cast, but
                  | a little less powerful. [potion of mutation]
 64646 | Slime:2  | Lost mutation: Your body sometimes deteriorates upon taking
                  | damage. [potion of mutation]
 64646 | Slime:2  | Gained mutation: You are partially covered in large bone
                  | plates. (SH +4) [potion of mutation]
 64646 | Slime:2  | Gained mutation: Your flesh is heat resistant. (rF+)
                  | [potion of mutation]
 64646 | Slime:2  | Gained mutation: You are somewhat resistant to further
                  | mutation. [potion of mutation]
 66137 | Slime:5  | Entered Level 5 of the Pits of Slime
 66150 | Slime:5  | Reached XP level 26. HP: 234/261 MP: 11/37
 66436 | Slime:5  | Paralysed by a formless jellyfish for 1 turns
 66622 | Slime:5  | Noticed the Royal Jelly
 66640 | Slime:5  | Killed the Royal Jelly
 67144 | Slime:5  | Got a slimy rune of Zot
 67145 | Slime:5  | Identified the +8 war axe "Raalerghuido" {freeze, Fly Int+7
                  | Stlth+}
 67188 | Slime:5  | Identified the staff of death "Xifath" {rPois rN+ Stlth+}
 67333 | Slime:5  | Identified the +11 sling of Nolo Contendere {elec, Str+2}
 67335 | Slime:5  | Identified the ring "Acozogut" {rN+ AC+4 Str-4 Int+4}
 67374 | Slime:5  | Identified the ring of Psychosis {Ice Drain rN+ Will+
                  | rCorr}
 67410 | Slime:5  | Identified the +10 orcbow of Retzuh {flame, Contam rPois
                  | rCorr Dex+2}
 68035 | Crypt:1  | Entered Level 1 of the Crypt
 68403 | Crypt:1  | Noticed Xtahua
 68412 | Crypt:1  | Killed Xtahua
 68619 | Crypt:1  | Found a huge runed translucent gate.
 68619 | Crypt:1  | Found a huge runed translucent gate.
 68619 | Crypt:1  | Found a huge runed translucent gate.
 68619 | Crypt:1  | Found a huge runed translucent gate.
 68619 | Crypt:1  | Found a huge runed translucent gate.
 68619 | Crypt:1  | Found a huge runed translucent gate.
 68682 | Crypt:1  | Found a huge runed translucent gate.
 68682 | Crypt:1  | Found a huge runed translucent gate.
 68682 | Crypt:1  | Found a huge runed translucent gate.
 68900 | Crypt:1  | Reached skill level 10 in Air Magic
 68949 | Crypt:1  | You are sucked into a shaft and drop 1 floor!
 69308 | Crypt:2  | Noticed Bai Suzhen
 69318 | Crypt:2  | Killed Bai Suzhen
 70108 | Crypt:1  | Noticed Vv
 70123 | Crypt:1  | Killed Vv
 70624 | Crypt:3  | Entered Level 3 of the Crypt
 70859 | Crypt:3  | Upgraded the game from 0.31-a0-174-g85c54bcb58 to
                  | 0.31-a0-175-g9f7f995f2b
 71227 | Crypt:3  | Found a staircase to the Tomb.
 71422 | Crypt:3  | Found the +0 pair of fencer's gloves {Riposte Dex+3}
 71914 | Crypt:3  | Noticed an ancient lich
 71923 | Crypt:3  | Killed an ancient lich
 71926 | Crypt:3  | Found an ancient bone altar of Kikubaaqudgha.
 72337 | Vaults:5 | Entered Level 5 of the Vaults
 72388 | Vaults:5 | Was forgiven by Okawaru
 72441 | Vaults:5 | Identified the +4 war axe of Wolay {freeze, rF+ rC+ Will+}
 72449 | Vaults:5 | Noticed Mara
 72456 | Vaults:5 | Noticed Turgor's illusion
 72457 | Vaults:5 | Noticed an ancient lich
 72461 | Vaults:5 | Killed an ancient lich
 72469 | Vaults:5 | Killed Mara
 72470 | Vaults:5 | Reached XP level 27. HP: 268/268 MP: 23/38
 72539 | Vaults:5 | Identified the +9 hand axe of Cocytus {freeze, rC+}
 73292 | Vaults:5 | Identified the +5 scimitar "Giantslayer" {elec, Will+}
 73510 | Vaults:5 | Identified the staff of death "Isinaem" {rPois rN+ rCorr}
 73660 | Vaults:5 | Identified the +3 scale mail of Least Resistance {+Blink
                  | rF+ Will++ Int-2}
 73765 | Vaults:5 | Reached skill level 15 in Fire Magic
 73773 | Vaults:5 | Noticed a dread lich
 73777 | Vaults:5 | Killed a dread lich
 74005 | Vaults:5 | Got a silver rune of Zot
 74355 | Vaults:5 | Noticed Sojobo
 74375 | Vaults:5 | Killed Sojobo
 75156 | Depths:2 | Voluntarily entered the Abyss.
 75198 | Abyss:3  | Found a corrupted altar of Lugonu.
 75204 | Abyss:3  | Found a corrupted altar of Lugonu.
 75517 | Depths:2 | Escaped the Abyss
 75601 | Depths:2 | Voluntarily entered the Abyss.
 75601 | Abyss:3  | Found a corrupted altar of Lugonu.
 75620 | Abyss:3  | Found a corrupted altar of Lugonu.
 75627 | Abyss:3  | Found a corrupted altar of Lugonu.
 75673 | Abyss:3  | Found a sparkling altar of Nemelex Xobeh.
 75683 | Abyss:3  | Found a sparkling altar of Nemelex Xobeh.
 75773 | Abyss:3  | Found a corrupted altar of Lugonu.
 75778 | Abyss:3  | Got an abyssal rune of Zot
 75806 | Depths:2 | Escaped the Abyss
 75944 | Pan      | Entered Pandemonium
 76327 | Pan      | Found a transporter.
 76594 | Pan      | Found a transporter.
 77022 | Pan      | Identified the amulet "Takyxan" {Faith +Inv}
 77027 | Pan      | Identified the +10 sling of Fortitude {flame, rF+ rCorr
                  | Str+3 Int-3}
 77033 | Pan      | Identified the ring "Basicw" {Fly Will+ Dex+5}
 77089 | Pan      | Noticed Nuroc the pandemonium lord
 77112 | Pan      | Killed Nuroc the pandemonium lord
 78168 | Pan      | Noticed Luohuf Yvvoph the pandemonium lord
 78201 | Pan      | Killed Luohuf Yvvoph the pandemonium lord
 78281 | Depths:2 | Escaped Pandemonium
 78394 | Depths:1 | Killed Stil's ghost
 78395 | Depths:1 | Reached skill level 10 in Throwing
 78418 | Depths:1 | Identified the +1 hat "Hoalea" {Str+2}
 78425 | Depths:1 | Identified the +0 helmet of Riseovioc {Slay+3}
 78426 | Depths:1 | Identified the staff of cold "Cyhyhec" {rC+ Int+2}
 78595 | Zot:1    | Entered Level 1 of the Realm of Zot
 80260 | Zot:2    | a Killer Klown changed into a juggernaut
 80260 | Zot:2    | Noticed a juggernaut
 80265 | Zot:2    | Killed a juggernaut
 81418 | Zot:3    | Noticed an orb of fire
 81420 | Zot:3    | Noticed an orb of fire
 81509 | Zot:2    | Killed an orb of fire
 81801 | Zot:3    | Killed an orb of fire
 83274 | Pan      | Entered the realm of Lom Lobon.
 83274 | Pan      | Entered Pandemonium
 83314 | Pan      | Noticed Lom Lobon
 83339 | Pan      | Killed Lom Lobon
 83373 | Pan      | Got a magical rune of Zot
 83385 | Pan      | Identified the +4 mace of Hairy Offence {heavy, Fragile
                  | rPois rN++}
 84117 | Pan      | Reached skill level 1 in Hexes
 84363 | Pan      | Entered the realm of Gloorx Vloq.
 84650 | Pan      | Identified the +1 ring mail of Ucsuzur {rF+ rN+}
 84876 | Pan      | Identified the ring of Equilibrium {rC+ EV+5 Int-3 Stlth+}
 85135 | Pan      | Reached skill level 5 in Hexes
 85219 | Pan      | Noticed Gloorx Vloq
 85227 | Pan      | Killed Gloorx Vloq
 85422 | Pan      | Got a dark rune of Zot
 85598 | Pan      | Entered the realm of Cerebov.
 86080 | Pan      | Identified the +4 acid dragon scales of the Special Moons
                  | {Harm rPois rCorr Slay+3}
 86133 | Pan      | Found the +6 sword of Cerebov {flame}
 86133 | Pan      | Noticed Cerebov
 86174 | Pan      | Killed Cerebov
 86342 | Pan      | Identified the ring "Athrudgh" {rPois rF++}
 86382 | Pan      | Identified the ring "Zeroze" {Fly MP+9 Dex+2}
 86395 | Pan      | Identified the staff of earth "Wumagg" {rCorr}
 86398 | Pan      | Identified the staff of cold "Lanoryrr" {Contam rElec rC+
                  | rN++ Dex+3}
 86399 | Pan      | Identified the ring of the Hurtling Gods {rF+ Str+5 Int-4
                  | Dex+6}
 86430 | Pan      | Identified the +5 falchion of Radicalism {freeze, rElec}
 86432 | Pan      | Identified the staff of air "Qoal" {rElec rC+ Str+3}
 86433 | Pan      | Identified the staff of cold "Mazyegg" {rF+ rC+ Int+3}
 86451 | Pan      | Got a fiery rune of Zot
 86495 | Pan      | Identified the staff of air "Zuoph" {*Slow rElec rF+ Int+3
                  | Dex+6}
 87477 | Pan      | Upgraded the game from 0.31-a0-175-g9f7f995f2b to
                  | 0.31-a0-177-g4aa6249778
 87526 | Pan      | Noticed Cily the pandemonium lord
 87533 | Pan      | Killed Cily the pandemonium lord
 87890 | Pan      | Reached skill level 10 in Hexes
 88282 | Pan      | Acquired a manual of Air Magic
 88461 | Pan      | Found an exit through the horrors of the Abyss.
 88560 | Pan      | Noticed Foegem the pandemonium lord
 88572 | Pan      | Killed Foegem the pandemonium lord
 89048 | Pan      | Entered the realm of Mnoleg.
 89073 | Pan      | Noticed Mnoleg
 89085 | Pan      | Killed Mnoleg
 89121 | Pan      | Found an exit through the horrors of the Abyss.
 89222 | Pan      | Got a glowing rune of Zot
 89287 | Pan      | Identified the ring of Twilight {Fly rF+ rN++ MP-9 Int+3}
 89676 | Pan      | Learned a level 7 spell: Enfeeble
 90558 | Pan      | Identified the +2 helmet "Qaraala Idomm" {Rampage Slay+3}
 90694 | Pan      | Found an exit through the horrors of the Abyss.
 90754 | Pan      | Noticed Hymybig the pandemonium lord
 90772 | Pan      | Killed Hymybig the pandemonium lord
 91045 | Pan      | Found a runed translucent door.
 91061 | Pan      | Got a demonic rune of Zot
 91635 | Pan      | Found an exit through the horrors of the Abyss.
 91901 | Pan      | Identified the +8 rapier of Growth {venom, Dex+3}
 92354 | Pan      | Reached skill level 15 in Hexes
 92354 | Pan      | Reached skill level 15 in Translocations
 92359 | Pan      | Noticed Rarohun the pandemonium lord
 92375 | Pan      | Killed Rarohun the pandemonium lord
 92558 | Pan      | Learned a level 4 spell: Fulminant Prism
 93151 | Pan      | Noticed Viarchax the pandemonium lord
 93168 | Pan      | Killed Viarchax the pandemonium lord
 93307 | Pan      | Identified the +6 spear of the Blushing Enemy {heavy, rElec
                  | rC+ Will+ Dex-2}
 93867 | Pan      | Found an exit through the horrors of the Abyss.
 93880 | Pan      | Noticed Culud the pandemonium lord
 93889 | Pan      | Killed Culud the pandemonium lord
 93975 | Pan      | Acquired 756 gold pieces
 94670 | Pan      | Noticed Maenag the pandemonium lord
 94677 | Pan      | Killed Maenag the pandemonium lord
 97177 | Pan      | Identified the ring of Soxoof {Int+5 SInv}
 97188 | Depths:2 | Escaped Pandemonium
 97282 | Hell     | Entered the Vestibule of Hell
 97282 | Hell     | Noticed Geryon
 97296 | Hell     | Noticed Murray
 97301 | Hell     | Killed Geryon
 97316 | Hell     | Killed Murray
 97929 | Hell     | Found a gateway to the ashen valley of Gehenna.
 98014 | Hell     | Found a gateway to the Iron City of Dis.
 98066 | Hell     | Found a gateway to the freezing wastes of Cocytus.
 98189 | Hell     | Found a gateway to the decaying netherworld of Tartarus.
 98195 | Hell     | Learned a level 4 spell: Passage of Golubria
 98198 | Hell     | Learned a level 2 spell: Blink
 98327 | Zig:1    | Entered Level 1 of a ziggurat
 98342 | Zig:2    | Entered Level 2 of a ziggurat
 98361 | Zig:3    | Entered Level 3 of a ziggurat
 98362 | Zig:3    | Noticed an orb of fire
 98364 | Zig:3    | Killed an orb of fire
 98378 | Zig:3    | Identified the +3 leather armour "Viugh" {Will+ Str+3}
 98448 | Zig:4    | Entered Level 4 of a ziggurat
 98467 | Zig:4    | Got the Elucidation of Fateful Energy
 98478 | Zig:4    | Identified the ring of the Freezing Grape {rF- EV+5 Int+2
                  | Dex+4}
 98555 | Zig:5    | Entered Level 5 of a ziggurat
 98619 | Zig:6    | Entered Level 6 of a ziggurat
 98648 | Zig:6    | Identified the +8 quarterstaff "Kuhiemp" {venom, rF+ Str+3}
 98744 | Zig:7    | Entered Level 7 of a ziggurat
 98924 | Zig:7    | Identified the +3 halberd of Grace {venom, rC- rN+++ Str+8}
 98962 | Zig:8    | Entered Level 8 of a ziggurat
 99117 | Zig:9    | Entered Level 9 of a ziggurat
 99150 | Zig:9    | Found the +18 shield of the Gong {Loud rN+ Will+ rCorr
                  | EV-5}
 99284 | Zig:9    | Identified the ring "Yshoaresh" {rC+ EV+5}
 99348 | Zig:10   | Entered Level 10 of a ziggurat
 99525 | Zig:10   | Found the +7 lajatang of Order {silver, rMut}
 99551 | Zig:10   | Identified the +6 chain mail of the Modern Heavens {SInv}
 99554 | Zig:10   | Identified the +8 morningstar "Turgor's Bane" {speed, *Slow
                  | Fly rElec}
 99558 | Zig:10   | Identified the +5 war axe "Moumemad" {protect, rF+ rC+
                  | Str+2 Stlth+}
 99560 | Zig:10   | Identified the +8 short sword of Hard Scrabble {heavy, rF+
                  | SInv}
 99562 | Zig:10   | Identified the ring "Puaghih" {rC+ rN+ Str+4 Dex+4 SInv}
 99579 | Zig:11   | Entered Level 11 of a ziggurat
 99585 | Zig:11   | Noticed an ancient lich
 99593 | Zig:11   | Killed an ancient lich
 99656 | Zig:11   | Identified the +2 executioner's axe of Wrath {antimagic,
                  | Will+}
 99666 | Zig:11   | Got the Parchment of Abominable Magic and Striking
 99686 | Zig:11   | Acquired the amulet "Kirch" {rElec Regen+}
 99700 | Zig:12   | Entered Level 12 of a ziggurat
 99709 | Zig:12   | Noticed Lempic the pandemonium lord
 99712 | Zig:12   | Noticed Perhon the pandemonium lord
 99716 | Zig:12   | Noticed Couzy the pandemonium lord
 99719 | Zig:12   | Noticed Ebraecs the pandemonium lord
 99729 | Zig:12   | Killed Perhon the pandemonium lord
 99733 | Zig:12   | Killed Lempic the pandemonium lord
 99735 | Zig:12   | Killed Couzy the pandemonium lord
 99750 | Zig:12   | Killed Ebraecs the pandemonium lord
 99932 | Zig:12   | Found the +8 arc blade {discharge, rElec}
 99946 | Zig:12   | Identified the +2 morningstar "Xyptu" {venom, rPois Str+3}
 99951 | Zig:12   | Identified the +6 broad axe "Wakk" {freeze, rF++ Will+++
                  | Str-5}
 99963 | Zig:12   | Identified the amulet of Gaonuut {RegenMP Str+2}
 99966 | Zig:12   | Identified the +1 ring mail of Gozag's Esteem {rElec}
 99972 | Zig:13   | Entered Level 13 of a ziggurat
100164 | Zig:13   | Found the +11 plutonium sword {Contam Stlth-}
100166 | Zig:13   | Found the +6 lightning scales {swift, rElec}
100229 | Zig:13   | Identified the +5 whip of Blood-Lust {holy, rPois rF+ rN+}
100231 | Zig:13   | Identified the amulet "Byrinu" {Regen+ Dex+2}
100256 | Zig:14   | Entered Level 14 of a ziggurat
100279 | Zig:14   | Noticed a juggernaut
100290 | Zig:14   | Killed a juggernaut
100293 | Zig:14   | Noticed a juggernaut
100312 | Zig:14   | Killed a juggernaut
100557 | Zig:15   | Entered Level 15 of a ziggurat
100820 | Zig:15   | Identified the +4 sling of Behael {speed, Str+3 Dex+5}
100824 | Zig:15   | Identified the +1 hand axe "Eblashrun" {freeze, rC+++ rCorr
                  | Dex-4}
100839 | Zig:16   | Entered Level 16 of a ziggurat
100887 | Zig:16   | Found the ring of the Hare {EV+10}
101015 | Zig:16   | Identified the +0 quarterstaff of Sunlight {heavy, rElec
                  | rC+}
101022 | Zig:16   | Identified the +4 hand axe of Imbalance {holy, rN+ Int+3}
101025 | Zig:16   | Identified the staff "Inimyng" {rPois Dex+3 Poison}
101051 | Zig:16   | Identified the +8 quarterstaff of Saggini {heavy, Int+5}
101053 | Zig:16   | Identified the staff "Uxkitaw" {rF+ rN+ Fire}
101101 | Zig:17   | Entered Level 17 of a ziggurat
101413 | Zig:17   | Identified the +3 leather armour "Haopauxa" {rPois rN++
                  | Will- Slay-6}
101424 | Zig:17   | Identified the ring of Zixec {AC+4 Dex+2}
101427 | Zig:17   | Identified the staff "Itixtih" {Str+2 SInv Earth}
101432 | Zig:17   | Reached skill level 27 in Armour
101436 | Zig:18   | Entered Level 18 of a ziggurat
101764 | Zig:18   | Identified the +10 sling "Woetrost" {drain, rN+ Int+2
                  | Stlth+}
101767 | Zig:18   | Identified the ring of Salvation {Will+ Str+5 Dex+3 SInv}
101777 | Zig:18   | Identified the +0 leather armour "Ogroahup" {Stlth+}
101785 | Zig:19   | Entered Level 19 of a ziggurat
101830 | Zig:19   | Found the ring of the Mage {Wiz Archmagi}
101995 | Zig:19   | Identified the ring "Vynine" {*Slow rElec rC+ Int+6}
102001 | Zig:19   | Identified the +6 shortbow of Neuterph {freeze, rF+ MP+9
                  | Str+2}
102004 | Zig:19   | Identified the +3 leather armour "Suig" {Int+5 Dex+4}
102012 | Zig:19   | Identified the +4 war axe of the Unspeakable One {chaos,
                  | *Rage rC+ Str+2 Dex+2}
102016 | Zig:19   | Acquired 967 gold pieces
102169 | Zig:20   | Entered Level 20 of a ziggurat
102462 | Zig:20   | Found the +5 robe of Night {Dark Will+ SInv}
102481 | Zig:20   | Identified the orb of Nixoudio {light, rC- rN+ SInv}
102489 | Zig:20   | Identified the +3 short sword of Seokki {freeze, Will+}
102505 | Zig:20   | Identified the +8 long sword "Attingol" {drain, rF+ rC++}
102509 | Zig:20   | Identified the staff of the Hand {+Blink rPois rC- Will++
                  | Str+2 Poison}
102582 | Zig:21   | Entered Level 21 of a ziggurat
102625 | Zig:21   | Found the macabre finger necklace {Finger+ rN+}
102828 | Zig:21   | Identified the quicksilver dragon scales of a Gauntlet
                  | {rElec Will+ Regen+}
102829 | Zig:21   | Identified the amulet "Doap" {Fly rC- Regen+ Dex+3 SInv}
102846 | Zig:21   | Identified the +1 pair of gloves of Pleasant Breezes {rElec
                  | rPois Will+ Regen+}
103023 | Zig:22   | Entered Level 22 of a ziggurat
103066 | Zig:22   | Reached skill level 15 in Throwing
103083 | Zig:22   | Identified the staff of Subterfuge {rC+ Will+ Str+3 Int+3
                  | Stlth+ Ice}
103111 | Zig:22   | Identified the +4 mace "Goblinbane" {spect, Stlth+}
103175 | Zig:22   | Identified the ring of the Eagle {Fire rPois Str+3 Int+3
                  | SInv}
103179 | Zig:22   | Identified the staff of Piercing Woe {rElec rPois Will++
                  | Air}
103181 | Zig:22   | Identified the +0 scale mail "Hudil" {Harm Str-5 Int+4 SInv
                  | Stlth+}
103186 | Zig:22   | Identified the staff of Corruption {rElec rCorr Air}
103202 | Zig:22   | Identified the amulet "Gegub" {Spirit rElec rPois Regen+
                  | Dex-5}
103281 | Zig:23   | Entered Level 23 of a ziggurat
103303 | Zig:23   | Noticed a juggernaut
103303 | Zig:23   | Noticed a juggernaut
103304 | Zig:23   | Noticed a juggernaut
103305 | Zig:23   | Noticed a juggernaut
103305 | Zig:23   | Noticed a juggernaut
103305 | Zig:23   | Noticed a juggernaut
103305 | Zig:23   | Noticed a juggernaut
103307 | Zig:23   | Noticed a juggernaut
103307 | Zig:23   | Noticed a juggernaut
103312 | Zig:23   | Noticed a juggernaut
103315 | Zig:23   | Upgraded the game from 0.31-a0-177-g4aa6249778 to
                  | 0.31-a0-180-g519b7de00c
103321 | Zig:23   | Killed a juggernaut
103323 | Zig:23   | Killed a juggernaut
103333 | Zig:23   | Killed a juggernaut
103334 | Zig:23   | Killed a juggernaut
103335 | Zig:23   | Killed a juggernaut
103335 | Zig:23   | Killed a juggernaut
103348 | Zig:23   | Killed a juggernaut
103350 | Zig:23   | Killed a juggernaut
103355 | Zig:23   | Killed a juggernaut
103365 | Zig:23   | Killed a juggernaut
103366 | Zig:23   | Reached skill level 15 in Spellcasting
103478 | Zig:23   | Identified the staff "Lyczocrou" {rElec Int+3 Air}
103515 | Zig:23   | Identified the +10 plate armour "Plog" {+Blink}
103539 | Zig:23   | Identified the +2 arbalest of Gloom {penet, rElec rC-
                  | Will++ Str+2 SInv}
103541 | Zig:23   | Got Olurov's Atlas of Evil
103662 | Zig:24   | Entered Level 24 of a ziggurat
103678 | Zig:24   | Noticed a royal mummy
103680 | Zig:24   | Noticed a royal mummy
103681 | Zig:24   | Noticed a royal mummy
103685 | Zig:24   | Noticed a royal mummy
103692 | Zig:24   | Noticed a royal mummy
103693 | Zig:24   | Killed a royal mummy
103694 | Zig:24   | Noticed a royal mummy
103694 | Zig:24   | Noticed a royal mummy
103694 | Zig:24   | Noticed a royal mummy
103697 | Zig:24   | Killed a royal mummy
103701 | Zig:24   | Killed a royal mummy
103707 | Zig:24   | Killed a royal mummy
103710 | Zig:24   | Killed a royal mummy
103715 | Zig:24   | Killed a royal mummy
103718 | Zig:24   | Noticed a royal mummy
103723 | Zig:24   | Killed a royal mummy
103724 | Zig:24   | Killed a royal mummy
103728 | Zig:24   | Noticed a royal mummy
103758 | Zig:24   | Killed a royal mummy
103771 | Zig:24   | Killed a royal mummy
103788 | Zig:24   | Found the amulet of Vitality {RegenMP++ Regen++}
103963 | Zig:24   | Identified the staff "Armataur's Doom" {Int+2 Earth}
103982 | Zig:24   | Identified the +8 spear of Paheumo {flame, Int+5}
103987 | Zig:24   | Identified the staff of Instant Death {rPois rF+ Str+2
                  | Dex+3 Poison}
104065 | Zig:25   | Entered Level 25 of a ziggurat
104164 | Zig:25   | Found the brooch of Shielding {Spirit SH+8}
104196 | Zig:25   | Identified the +0 ring mail "Vausoupt" {Str+3}
104198 | Zig:25   | Identified the staff "Cephipn" {rElec rF+ Int-4 SInv Fire}
104199 | Zig:25   | Identified the ring of Neep {rCorr EV+5 Str+4 Int+3}
104211 | Zig:25   | Identified the +9 long sword "Femek" {flame, rF+ Int+6}
104437 | Zig:26   | Entered Level 26 of a ziggurat
104462 | Zig:26   | Noticed an ancient lich
104463 | Zig:26   | Noticed an ancient lich
104470 | Zig:26   | Killed an ancient lich
104471 | Zig:26   | Noticed an ancient lich
104471 | Zig:26   | Noticed an ancient lich
104471 | Abyss:3  | Cast into level 3 of the Abyss (a deep elf demonologist)
104589 | Abyss:3  | Found a corrupted altar of Lugonu.
104729 | Abyss:3  | Found a corrupted altar of Lugonu.
104951 | Abyss:3  | Found a radiant altar of Vehumet.
105026 | Abyss:3  | Paralysed by accursed screaming for 1 turns
105103 | Abyss:3  | Found a radiant altar of Vehumet.
105249 | Abyss:3  | Found a corrupted altar of Lugonu.
105683 | Zig:26   | Escaped the Abyss
105683 | Zig:26   | Noticed an ancient lich
105684 | Zig:26   | Noticed an ancient lich
105690 | Zig:26   | Killed an ancient lich
105693 | Zig:26   | Killed an ancient lich
105695 | Zig:26   | Killed an ancient lich
105697 | Zig:26   | Killed an ancient lich
105698 | Zig:26   | Killed an ancient lich
105819 | Zig:26   | Got Jauschox's Incunabulum of Gusty Beckoning
105820 | Zig:26   | Identified the +4 hand axe "Killer Bee's Death" {venom,
                  | rElec MP-9 Dex+2 SInv}
105824 | Zig:26   | Identified the staff "Vubram" {rPois Conj}
105831 | Zig:26   | Identified the staff "Totigenet" {rC+ Dex+5 Ice}
105840 | Zig:26   | Identified the +8 hand axe "Tafosuih" {speed, Str+4 Stlth+}
105841 | Zig:26   | Identified the +7 dagger of the King {flame, *Corrode rElec
                  | rN++ Will+}
105845 | Zig:26   | Identified the +8 battleaxe "Hufoeg" {vamp, Str+2}
105848 | Zig:26   | Identified the ring of Saiffiel {rElec Will+ rCorr Str+5
                  | Stlth+}
106004 | Zig:27   | Entered Level 27 of a ziggurat
106026 | Zig:27   | Paralysed by an air elemental for 1 turns
106031 | Zig:27   | Paralysed by an air elemental for 1 turns
106087 | Zig:27   | Found the +12 pair of quick blades "Gyre" and "Gimble"
                  | {protect}
106088 | Zig:27   | Found the +9 sword of Power {lifebolt}
106271 | Zig:27   | Got An Introduction to Spellwork
106273 | Zig:27   | Identified the +0 demon trident of the Middle {elec,
                  | *Corrode Str+7 Int-3 SInv}
106280 | Zig:27   | Identified the staff "Atafiosm" {rElec rF+ Hexes Air}
106455 | Geh:1    | Entered Level 1 of Gehenna
106706 | Geh:3    | Noticed an ancient lich
106712 | Geh:3    | Killed an ancient lich
106772 | Geh:3    | Noticed a dread lich
106780 | Geh:3    | Killed a dread lich
107385 | Geh:7    | Entered Level 7 of Gehenna
108062 | Geh:7    | Identified the +7 scimitar "Sacoown" {freeze, rElec Int+3}
108062 | Geh:7    | Identified the +7 ice dragon scales "Uwu Uqeo" {rF- rC++
                  | Regen+ rCorr Str-2}
108157 | Geh:7    | Found the +13 sceptre of Asmodeus
108157 | Geh:7    | Noticed Asmodeus
108179 | Geh:7    | Killed Asmodeus
108190 | Geh:7    | Got an obsidian rune of Zot
108654 | Coc:1    | Entered Level 1 of Cocytus
108903 | Coc:2    | Noticed a dread lich
108908 | Coc:2    | Killed a dread lich
108930 | Coc:2    | Reached skill level 27 in Hexes
109102 | Coc:2    | Reached skill level 27 in Translocations
109451 | Coc:3    | Reached skill level 27 in Fighting
110528 | Coc:7    | Entered Level 7 of Cocytus
110666 | Coc:7    | Paralysed by a wendigo for 1 turns
111213 | Coc:7    | Identified the +8 long sword of Avant Garde Absolution
                  | {heavy, rCorr}
111213 | Coc:7    | Noticed Antaeus
111234 | Coc:7    | Killed Antaeus
111321 | Coc:7    | Got an icy rune of Zot
111324 | Coc:7    | Identified the staff "Xourheba" {rPois Str+3 Poison}
111331 | Coc:7    | Identified the +5 sling of Niocio {elec, rC+}
111525 | Dis:1    | Entered Level 1 of the Iron City of Dis
111983 | Dis:2    | Upgraded the game from 0.31-a0-180-g519b7de00c to
                  | 0.31-a0-182-gc5ef74bbde
112609 | Dis:7    | Entered Level 7 of the Iron City of Dis
112989 | Dis:7    | Noticed the Serpent of Hell
113035 | Dis:7    | Killed the Serpent of Hell
113396 | Dis:7    | Identified the staff "Beigh" {rPois Will+ Poison}
113429 | Dis:7    | Noticed a juggernaut
113435 | Dis:7    | Killed a juggernaut
113530 | Dis:7    | Noticed a juggernaut
113539 | Dis:7    | Killed a juggernaut
113705 | Dis:7    | Identified the amulet "Laloul" {Spirit Will+}
113708 | Dis:7    | Identified the +10 orcbow of the Unspeakable One {speed,
                  | rPois rC- rN++ Will+}
113918 | Dis:7    | Noticed a juggernaut
113932 | Dis:7    | Killed a juggernaut
114076 | Dis:7    | Noticed Dispater
114096 | Dis:7    | Killed Dispater
114174 | Dis:7    | Found the orb of Dispater {+Damnation *Corrode AC+5}
114184 | Dis:7    | Got an iron rune of Zot
114565 | Tar:1    | Entered Level 1 of Tartarus
115089 | Tar:2    | Noticed a dread lich
115094 | Tar:2    | Killed a dread lich
115441 | Tar:3    | Noticed a juggernaut
115456 | Tar:3    | Killed a juggernaut
115618 | Tar:4    | You fall into a shaft and drop 2 floors!
115799 | Tar:7    | Entered Level 7 of Tartarus
116324 | Tar:7    | Identified the ring "Baitemn" {Str+2 Int+6}
116518 | Tar:7    | Identified the +1 hand axe "Ybairch" {distort, rElec}
116546 | Tar:7    | Identified the +1 glaive "Oppan" {heavy, rC++}
117603 | Tar:7    | Learned a level 8 spell: Necromutation
117662 | Tar:7    | Reached skill level 1 in Transmutations
117665 | Tar:7    | Reached skill level 1 in Necromancy
117845 | Tar:7    | Noticed Ereshkigal
117867 | Tar:7    | Killed Ereshkigal
117880 | Tar:7    | Got a bone rune of Zot
117951 | Tar:7    | Identified the +0 robe of Restlessness {rElec rF++ Int-2}
118288 | Zig:1    | Entered Level 1 of a ziggurat
118311 | Zig:2    | Entered Level 2 of a ziggurat
118314 | Zig:2    | Noticed an ancient lich
118314 | Zig:2    | Noticed a dread lich
118318 | Zig:2    | Killed a dread lich
118319 | Zig:2    | Killed an ancient lich
118338 | Zig:3    | Entered Level 3 of a ziggurat
118348 | Zig:3    | Reached skill level 5 in Transmutations
118375 | Zig:4    | Entered Level 4 of a ziggurat
118387 | Zig:4    | Reached skill level 5 in Necromancy
118438 | Zig:5    | Entered Level 5 of a ziggurat
118472 | Zig:5    | Identified the +12 great sword "Domp" {elec, rPois rC++}
118484 | Zig:5    | Identified the +5 mace "Feocsim" {flame, Stlth+}
118493 | Zig:6    | Entered Level 6 of a ziggurat
118527 | Zig:6    | Identified the ring "Tydikodo" {+Blink rElec rN+ Will+
                  | Dex+3}
118531 | Zig:6    | Identified the +5 chain mail of Context {rPois Will- Str+3}
118545 | Zig:7    | Entered Level 7 of a ziggurat
118557 | Zig:7    | Noticed Teefas the pandemonium lord
118566 | Zig:7    | Killed Teefas the pandemonium lord
118588 | Zig:7    | Identified the +7 plate armour "Zake" {Will- Int+8 Dex+2}
118594 | Zig:7    | Identified the +4 ring mail of the Writhing Gods {*Slow rF+
                  | Will+}
118598 | Zig:7    | Identified the staff "Sijaahoawo" {rN+ rCorr Str-5 Int+5
                  | Necro}
118602 | Zig:8    | Entered Level 8 of a ziggurat
118656 | Zig:8    | Identified the staff "Fain" {rC+ Int+2 Ice}
118659 | Zig:8    | Identified the staff of Kismet {*Corrode rElec rN++ Str+3
                  | Dex+2 Air}
118666 | Zig:8    | Identified the staff of the Boiling Point {rF+ Str+2 Fire}
118672 | Zig:9    | Entered Level 9 of a ziggurat
118680 | Zig:9    | Noticed Haucorph the pandemonium lord
118721 | Zig:9    | Killed Haucorph the pandemonium lord
118755 | Zig:9    | Identified the amulet of Kepug {Spirit rC+ rN+}
118772 | Zig:10   | Entered Level 10 of a ziggurat
118788 | Zig:10   | Reached skill level 10 in Transmutations
118800 | Zig:10   | Identified the ring of Wixul {rElec Will- rCorr Dex+6
                  | Slay+2}
118831 | Zig:10   | Identified the +1 scale mail of Heresy {Str+5}
118849 | Zig:11   | Entered Level 11 of a ziggurat
118862 | Zig:11   | Reached skill level 10 in Necromancy
118905 | Zig:11   | Identified the staff of Purpose {rF++ rC- rN+ Int-2 Dex+8
                  | Necro}
118940 | Zig:11   | Identified the +4 orcbow of Uskayaw's Hope {antimagic, rN+
                  | Dex+3 SInv}
118983 | Zig:12   | Entered Level 12 of a ziggurat
119144 | Zig:13   | Entered Level 13 of a ziggurat
119144 | Zig:13   | Noticed a dread lich
119149 | Zig:13   | Killed a dread lich
119156 | Zig:13   | Noticed a dread lich
119174 | Zig:13   | Killed a juggernaut
119232 | Zig:13   | Killed a dread lich
119239 | Zig:13   | Found the +8 autumn katana {manifold assault}
119340 | Zig:13   | Identified the +1 helmet "Lujuyg" {Contam rC+++ Regen+
                  | Str+3}
119346 | Zig:13   | Identified the staff of Benevolence {Drain rPois rF+ SInv
                  | Fire}
119349 | Zig:13   | Identified the +6 plate armour of Card Tricks {Will+ Str+2}
119360 | Zig:14   | Entered Level 14 of a ziggurat
119369 | Zig:14   | Noticed Weqeag the pandemonium lord
119369 | Zig:14   | Noticed Gaasi the pandemonium lord
119369 | Zig:14   | Noticed Ziykix the pandemonium lord
119369 | Zig:14   | Noticed Fiafocog the pandemonium lord
119369 | Zig:14   | Noticed Quippou the pandemonium lord
119371 | Zig:14   | Noticed Qureix the pandemonium lord
119372 | Zig:14   | Noticed Huoty the pandemonium lord
119372 | Zig:14   | Noticed Juav Biu the pandemonium lord
119375 | Zig:14   | Killed Quippou the pandemonium lord
119375 | Zig:14   | Killed Weqeag the pandemonium lord
119376 | Zig:14   | Noticed Zaifyup the pandemonium lord
119378 | Zig:14   | Killed Fiafocog the pandemonium lord
119381 | Zig:14   | Noticed Cetarey the pandemonium lord
119386 | Zig:14   | Killed Juav Biu the pandemonium lord
119387 | Zig:14   | Killed Qureix the pandemonium lord
119394 | Zig:14   | Killed Gaasi the pandemonium lord
119396 | Zig:14   | Killed Zaifyup the pandemonium lord
119401 | Zig:14   | Killed Cetarey the pandemonium lord
119407 | Zig:14   | Killed Ziykix the pandemonium lord
119409 | Zig:14   | Killed Huoty the pandemonium lord
119413 | Zig:14   | Found the +5 glaive of the Guard {elec, spectral, AC+5}
119427 | Zig:14   | Identified the +2 shortbow "Queleok" {heavy, Drain rF-
                  | rCorr Int+9}
119443 | Zig:14   | Identified the +6 shortbow of Exhibitionism {drain, Will+
                  | Dex+3 Stlth+}
119495 | Zig:15   | Entered Level 15 of a ziggurat
119501 | Zig:15   | Noticed a dread lich
119501 | Zig:15   | Noticed a dread lich
119501 | Zig:15   | Noticed an ancient lich
119502 | Zig:15   | Noticed a dread lich
119503 | Zig:15   | Noticed a dread lich
119503 | Zig:15   | Noticed a dread lich
119506 | Zig:15   | Noticed a dread lich
119509 | Zig:15   | Found the amulet of the Air {Inacc Air Fly rElec RMsl}
119515 | Zig:15   | Killed a dread lich
119521 | Zig:15   | Killed a dread lich
119524 | Zig:15   | Killed a dread lich
119524 | Zig:15   | Killed a dread lich
119526 | Zig:15   | Killed a dread lich
119527 | Zig:15   | Reached skill level 15 in Necromancy
119527 | Zig:15   | Reached skill level 15 in Transmutations
119527 | Zig:15   | Killed a dread lich
119528 | Zig:15   | Killed an ancient lich
119579 | Zig:15   | Identified the ring of Xuma {Slay+4 Stlth+}
119582 | Zig:15   | Identified the +3 quarterstaff of Laceration {vamp, *Rage
                  | rPois Int+4 SInv}
119586 | Zig:15   | Identified the amulet of Osyliece {Acrobat Harm rF++ rC-
                  | Str+3}
119592 | Zig:15   | Identified the +8 trident of Fae Honour {freeze, rN+++
                  | Str-2 SInv Stlth+}
119678 | Zig:16   | Entered Level 16 of a ziggurat
119686 | Zig:16   | Noticed a dread lich
119695 | Zig:16   | Killed a dread lich
119791 | Zig:16   | Identified the staff of Collusion {rC+ Conj}
119817 | Zig:16   | Identified the +2 plate armour "Tust" {rPois rF- rN+
                  | Slay+3}
119841 | Zig:16   | Acquired 906 gold pieces
119891 | Zig:17   | Entered Level 17 of a ziggurat
119962 | Zig:17   | Identified the +9 rapier of the Fortifying Gods {protect,
                  | rElec rC+++ Int-4 Dex-2}
119965 | Zig:17   | Identified the staff "Illat" {rPois Dex+2 Poison}
119975 | Zig:17   | Identified the staff of the Ecumenical Temple {rPois rN+
                  | Dex+4 Necro}
119998 | Zig:17   | Identified the +3 plate armour of Hireiss {Int+4 Dex+4}
120100 | Zig:18   | Entered Level 18 of a ziggurat
120117 | Zig:18   | Found the ring of Shadows {Umbra +Inv Stlth+}
120254 | Zig:18   | Acquired 493 gold pieces
120256 | Zig:18   | Identified the ring of the Shining Light {MP+9 Int+6 Dex+3
                  | Stlth-}
120266 | Zig:18   | Identified the +2 shortbow "Killer Klown's Bane"
                  | {antimagic, rN+}
120302 | Zig:19   | Entered Level 19 of a ziggurat
120307 | Zig:19   | Noticed a royal mummy
120307 | Zig:19   | Noticed a royal mummy
120308 | Zig:19   | Noticed a royal mummy
120308 | Zig:19   | Noticed a royal mummy
120311 | Zig:19   | Noticed a royal mummy
120314 | Zig:19   | Noticed a royal mummy
120317 | Zig:19   | Killed a royal mummy
120319 | Zig:19   | Noticed a royal mummy
120320 | Zig:19   | Noticed a royal mummy
120324 | Zig:19   | Noticed a royal mummy
120325 | Zig:19   | Killed a royal mummy
120325 | Zig:19   | Killed a royal mummy
120325 | Zig:19   | Noticed a royal mummy
120328 | Zig:19   | Killed a royal mummy
120328 | Zig:19   | Noticed a royal mummy
120331 | Zig:19   | Killed a royal mummy
120331 | Zig:19   | Killed a royal mummy
120331 | Zig:19   | Killed a royal mummy
120331 | Zig:19   | Killed a royal mummy
120337 | Zig:19   | Killed a royal mummy
120337 | Zig:19   | Killed a royal mummy
120337 | Zig:19   | Killed a royal mummy
120531 | Zig:19   | Identified the ring of the Evening {rC+ Will+ Str+6 Int-3
                  | Dex+7}
120532 | Zig:19   | Identified the staff "Noddujyt" {rElec rC+ MP+9 Str-5 Dex+8
                  | Ice}
120540 | Zig:19   | Identified the +6 flail of the Unspeakable One {flame,
                  | Will+ MP+9 Int+4}
120558 | Zig:19   | Identified the ring of Xom's Sleight of Hands {rF+ rN+}
120559 | Zig:19   | Identified the +0 pair of gloves of the Vacuum {Dex+3
                  | Stlth+}
120571 | Zig:20   | Entered Level 20 of a ziggurat
120582 | Zig:20   | Noticed an orb of fire
120582 | Zig:20   | Noticed an orb of fire
120582 | Zig:20   | Noticed an orb of fire
120583 | Zig:20   | Noticed an orb of fire
120583 | Zig:20   | Noticed an orb of fire
120584 | Zig:20   | Noticed an orb of fire
120584 | Zig:20   | Noticed an orb of fire
120584 | Zig:20   | Noticed an orb of fire
120584 | Zig:20   | Noticed an orb of fire
120584 | Zig:20   | Found the +2 Maxwell's thermic engine {flame, freeze, rev}
120620 | Zig:20   | Identified the staff "Dragon's Undoing" {rElec Int+4 Tloc
                  | Air}
120623 | Zig:20   | Killed an orb of fire
120655 | Zig:20   | Killed an orb of fire
120656 | Zig:20   | Killed an orb of fire
120657 | Zig:20   | Killed an orb of fire
120663 | Zig:20   | Killed an orb of fire
120664 | Zig:20   | Gained mutation: You are frail. (-10% HP) [an orb of fire]
120667 | Zig:20   | Killed an orb of fire
120667 | Zig:20   | Killed an orb of fire
120668 | Zig:20   | Killed an orb of fire
120672 | Zig:20   | Killed an orb of fire
120714 | Zig:20   | Identified the +7 flail "Myixadwuari" {elec, rPois Int+4}
120715 | Zig:20   | Identified the staff "Asause" {rElec rC+ Air}
120716 | Zig:20   | Identified the +6 long sword "Piluckem" {heavy, rPois rC+
                  | Dex+4}
120785 | Zig:20   | Identified the ring of the Queen {rPois rC+}
120859 | Zig:20   | Identified the +2 pair of boots of the Untouchables {Dex+5
                  | Stlth-}
120880 | Zig:21   | Entered Level 21 of a ziggurat
120896 | Zig:21   | Noticed Betuluewk's ghost (legendary DESu)
120896 | Zig:21   | Noticed Diylu's ghost (veteran DsCj)
120897 | Zig:21   | Noticed Sayfri's ghost (legendary DrTm)
120897 | Zig:21   | Noticed Hahenefa's ghost (legendary DsWn)
120897 | Zig:21   | Noticed Yllipt's ghost (legendary GnWr)
120897 | Zig:21   | Noticed Lonang's ghost (legendary DESu)
120897 | Zig:21   | Noticed Jiheses's ghost (legendary DEAE)
120903 | Zig:21   | Noticed Lonang's ghost (legendary DESu)
120904 | Zig:21   | Noticed Zaib's ghost (legendary CeHu)
120904 | Zig:21   | Noticed Fafaadel's ghost (legendary DECj)
120906 | Zig:21   | Killed Lonang's ghost
120916 | Zig:21   | Noticed Zaib's ghost (legendary CeHu)
120918 | Zig:21   | Killed Hahenefa's ghost
120920 | Zig:21   | Noticed adozu's ghost (legendary DsFi)
120920 | Zig:21   | Noticed Minism's ghost (legendary MiFi)
120924 | Zig:21   | Killed Jiheses's ghost
120947 | Zig:21   | Killed adozu's ghost
120956 | Zig:21   | Killed Minism's ghost
120959 | Zig:21   | Killed Lonang's ghost
120960 | Zig:21   | Killed Diylu's ghost
120960 | Zig:21   | Killed Betuluewk's ghost
120971 | Zig:21   | Killed Sayfri's ghost
120977 | Zig:21   | Identified the +1 spear of Dishonour {venom, rCorr}
120977 | Zig:21   | Killed Yllipt's ghost
120986 | Zig:21   | Killed Fafaadel's ghost
120990 | Zig:21   | Killed Zaib's ghost
121001 | Zig:21   | Identified the +7 flail of the Candle {freeze, Int+3}
121007 | Zig:21   | Killed Zaib's ghost
121041 | Zig:21   | Identified the +11 dagger of the Whale {holy, Will++ Str-3}
121049 | Zig:21   | Identified the +5 mace "Nautao" {heavy, SInv}
121205 | Zig:22   | Entered Level 22 of a ziggurat
121215 | Zig:22   | Noticed Rititem the pandemonium lord
121216 | Zig:22   | Noticed Axiecloy the pandemonium lord
121216 | Zig:22   | Noticed Raink the pandemonium lord
121217 | Zig:22   | Noticed Kuoxaz the pandemonium lord
121220 | Zig:22   | Noticed Kagaygreruf the pandemonium lord
121221 | Zig:22   | Noticed Vyritoybb the pandemonium lord
121222 | Zig:22   | Noticed Lutriygo the pandemonium lord
121222 | Zig:22   | Noticed Yggiyp Botoa the pandemonium lord
121222 | Zig:22   | Noticed Cyacecunu the pandemonium lord
121222 | Zig:22   | Noticed Jimul the pandemonium lord
121222 | Zig:22   | Noticed Otuob the pandemonium lord
121226 | Zig:22   | Noticed Peumomeo the pandemonium lord
121227 | Zig:22   | Killed Raink the pandemonium lord
121229 | Zig:22   | Killed Kagaygreruf the pandemonium lord
121232 | Zig:22   | Noticed Rofihitz the pandemonium lord
121235 | Zig:22   | Noticed Suogallea the pandemonium lord
121235 | Zig:22   | Noticed Laig the pandemonium lord
121235 | Zig:22   | Noticed Uciokloc the pandemonium lord
121235 | Zig:22   | Noticed Jiesaq the pandemonium lord
121236 | Zig:22   | Found the +12 glaive of Prune {freeze, Prune}
121238 | Zig:22   | Killed Axiecloy the pandemonium lord
121239 | Zig:22   | Killed Cyacecunu the pandemonium lord
121240 | Zig:22   | Killed Rititem the pandemonium lord
121246 | Zig:22   | Killed Lutriygo the pandemonium lord
121247 | Zig:22   | Killed Jiesaq the pandemonium lord
121248 | Zig:22   | Killed Jimul the pandemonium lord
121249 | Zig:22   | Reached skill level 5 in Ice Magic
121253 | Zig:22   | Killed Vyritoybb the pandemonium lord
121258 | Zig:22   | Killed Kuoxaz the pandemonium lord
121258 | Zig:22   | Killed Peumomeo the pandemonium lord
121264 | Zig:22   | Killed Suogallea the pandemonium lord
121266 | Zig:22   | Killed Rofihitz the pandemonium lord
121270 | Zig:22   | Killed Otuob the pandemonium lord
121270 | Zig:22   | Killed Laig the pandemonium lord
121291 | Zig:22   | Killed Yggiyp Botoa the pandemonium lord
121291 | Zig:22   | Killed Uciokloc the pandemonium lord
121394 | Zig:22   | Identified the staff "Testudineslayer" {rF+ Will+ Fire}
121449 | Zig:23   | Entered Level 23 of a ziggurat
121456 | Zig:23   | Noticed a dread lich
121471 | Zig:23   | Killed a dread lich
121472 | Zig:23   | Reached skill level 15 in Ice Magic
121572 | Zig:23   | Found the +8 demon blade "Leech" {evervamp, Harm Drain rN+}
121661 | Zig:23   | Identified the ring of Nubreac {Ice Will+ MP+9}
121671 | Zig:23   | Identified the +2 broad axe of Cischupo {heavy, +Blink rF+}
121680 | Zig:23   | Identified the ring "Jeyhenoe" {rN+ Int+3}
121707 | Zig:23   | Learned a level 9 spell: Polar Vortex
121726 | Zig:24   | Entered Level 24 of a ziggurat
121927 | Zig:24   | Identified the +1 glaive of Obiter Dictum {holy, +Blink rN+
                  | Stlth+}
121929 | Zig:24   | Identified the +0 shortbow "Atuac" {flame, rPois Int+4}
121988 | Zig:25   | Entered Level 25 of a ziggurat
122010 | Zig:25   | Noticed a dread lich
122020 | Zig:25   | Killed a dread lich
122095 | Zig:25   | Found the +7 captain's cutlass {speed, disarm}
122108 | Zig:25   | Acquired 780 gold pieces
122109 | Zig:25   | Acquired 823 gold pieces
122111 | Zig:25   | Identified the ring "Bupun" {Fire *Corrode Dex+7}
122121 | Zig:25   | Identified the +7 arbalest of Esiuc {drain, rF+ rC- Will+}
122132 | Zig:25   | Identified the +0 orcbow "Kuaposs" {freeze, rN+ SInv}
122282 | Zig:26   | Entered Level 26 of a ziggurat
122295 | Zig:26   | Found the +8 mithril axe "Arga" {speed, Will+}
122295 | Zig:26   | Found the +4 robe of Folly {Brill Will-โˆž Int+8}
122475 | Zig:26   | Identified the +8 glaive of Qevogo Xyli {flame, rElec}
122491 | Zig:26   | Identified the staff of the Realm of Zot {rElec rPois rCorr
                  | Earth}
122519 | Zig:26   | Identified the +7 rapier of Eternal Night {protect, rElec}
122525 | Zig:26   | Identified the +5 rapier of Slimy Honour {holy, Int+5}
122532 | Zig:26   | Identified the staff of the Shoals {*Slow rPois rC+ Str+3
                  | Poison}
122621 | Zig:27   | Entered Level 27 of a ziggurat
122663 | Zig:27   | Noticed a dread lich
122666 | Zig:27   | Killed a dread lich
122783 | Zig:27   | Identified the +1 robe "Maubefot" {rF- rC+ Int+5}
122784 | Zig:27   | Identified the +0 morningstar "Beastbane" {drain, *Rage
                  | rC++}
122785 | Zig:27   | Identified the ring "Zeaguxe" {Int-5 Dex+5 SInv}
122807 | Zig:27   | Identified the amulet of Erodag {RegenMP rPois rN+}
122819 | Zig:27   | Identified the +1 morningstar "Voam" {flame, Contam rElec
                  | Int+5}
123160 | Hell     | Learned a level 8 spell: Infestation
123163 | Hell     | Learned a level 2 spell: Wereblood
123838 | Tomb:1   | Entered Level 1 of the Tomb of the Ancients
124079 | Tomb:1   | Noticed a royal mummy
124087 | Tomb:1   | Killed a royal mummy
124095 | Tomb:1   | Noticed a royal mummy
124105 | Tomb:1   | Killed a royal mummy
124108 | Tomb:1   | Noticed a royal mummy
124273 | Tomb:1   | Killed a royal mummy
124785 | Tomb:2   | Noticed a royal mummy
124785 | Tomb:2   | Noticed a royal mummy
124785 | Tomb:2   | Noticed a royal mummy
124785 | Tomb:2   | Noticed a royal mummy
124794 | Tomb:2   | Killed a royal mummy
124795 | Tomb:2   | Killed a royal mummy
124797 | Tomb:2   | Killed a royal mummy
124802 | Tomb:2   | Killed a royal mummy
125409 | Tomb:3   | Entered Level 3 of the Tomb of the Ancients
125425 | Tomb:3   | Noticed a royal mummy
125426 | Tomb:3   | Noticed a royal mummy
125426 | Tomb:3   | Noticed a royal mummy
125426 | Tomb:3   | Noticed a royal mummy
125427 | Tomb:3   | Noticed a royal mummy
125427 | Tomb:3   | Noticed a royal mummy
125427 | Tomb:3   | Noticed a royal mummy
125427 | Tomb:3   | Noticed a royal mummy
125429 | Tomb:3   | Noticed a royal mummy
125436 | Tomb:3   | Killed a royal mummy
125436 | Tomb:3   | Killed a royal mummy
125436 | Tomb:3   | Killed a royal mummy
125437 | Tomb:3   | Killed a royal mummy
125437 | Tomb:3   | Killed a royal mummy
125437 | Tomb:3   | Killed a royal mummy
125438 | Tomb:3   | Killed a royal mummy
125439 | Tomb:3   | Killed a royal mummy
125442 | Tomb:3   | Killed a royal mummy
125537 | Tomb:3   | Got a golden rune of Zot
125775 | Tomb:3   | Found the +10 dark maul {heavy}
125791 | Tomb:3   | Identified the +3 chain mail "Jyikhew" {Harm +Blink rN++
                  | Int-3}
125805 | Tomb:3   | Identified the staff "Enwoqop" {*Slow rElec rPois rF+ Str+5
                  | Fire}
125806 | Tomb:3   | Identified the ring of Lako {rF++ Str+6}
125811 | Tomb:3   | Identified the +1 mace "Tiorauff" {flame, rElec Str+4
                  | Dex+4}
126420 | Depths:2 | Voluntarily entered the Abyss.
126447 | Abyss:3  | Found a corrupted altar of Lugonu.
126678 | Abyss:3  | Paralysed by accursed screaming for 1 turns
127209 | Depths:2 | Escaped the Abyss
127483 | Zot:5    | Entered Level 5 of the Realm of Zot
127486 | Zot:5    | Noticed an ancient lich
127486 | Zot:5    | Noticed an orb of fire
127498 | Zot:5    | Noticed an orb of fire
127505 | Zot:5    | Killed an ancient lich
127506 | Zot:5    | Killed an orb of fire
127506 | Zot:5    | Killed an orb of fire
127528 | Zot:5    | Noticed a dread lich
127534 | Zot:5    | Killed a dread lich
127586 | Zot:5    | Noticed an ancient lich
127588 | Zot:5    | Noticed an ancient lich
127593 | Zot:5    | Killed an ancient lich
127593 | Zot:5    | Noticed an orb of fire
127594 | Zot:5    | Killed an ancient lich
127596 | Zot:5    | Noticed a dread lich
127604 | Zot:5    | Killed an orb of fire
127607 | Zot:5    | Killed a dread lich
127630 | Zot:5    | Got the Orb of Zot
127752 | Zot:5    | Reached skill level 27 in Ice Magic
127914 | Depths:2 | Noticed Xolazxopn the pandemonium lord
127919 | Depths:2 | Noticed Zeorroud the pandemonium lord
127937 | Depths:2 | Killed Xolazxopn the pandemonium lord
127938 | Depths:2 | Killed Zeorroud the pandemonium lord
127984 | Depths:1 | Noticed a seraph
127993 | Depths:1 | Killed a seraph
128368 | D:$      | Escaped with the Orb!

Illustrated notes

Levels and vault maps discovered:
D:1:      evilmike_arrival_plus, layout_basic, minmay_crystal_water, hex_tiny
D:2:      layout_rooms, kennysheep_potato
D:3:      layout_loops_ring, uniq_terence
D:4:      layout_basic
D:5:      lemuel_ratsnest, layout_rooms, minmay_temple_entry_proselytizer
D:6:      layout_cave_pods, lemuel_coloured_pillars_altar,
          ebering_ghost_sewer_f, minmay_misc_feat_ornament, due_unseen_surprise
D:7:      layout_cave_pools, lemuel_crystal_altar,
          grunt_temple_overflow_diamond, gammafunk_ghost_arena, enter_bailey_7,
          uniq_pikel
D:8:      layout_basic, mainiacjoe_overflow_concentric_impassable,
          mainiacjoe_overflow_24_doors
D:9:      layout_stronghold, erik_lair_island, serial_shops,
          nicolae_shop_real_fake_doors, hangedman_abyss_or_decor_lesser_grid,
          grunt_ministairs_1, skrybe_limestone_x
D:10:     layout_stronghold, zombieorc2_lemuel, gammafunk_ghost_hive,
          serial_shops, shop
D:11:     layout_cave_pods
D:12:     layout_loops_ring, ploomutoo_gammafunk_ghost_potion_laboratory,
          nicolae_transporter_circle
D:13:     layout_roguey, hangedman_vaults_entry_quadrant_bands, serial_shops,
          shop, uniq_nessos
D:14:     layout_long_grid, gauntlet_entry_generic,
          nicolae_trove_entry_path_of_doom, kennysheep_diamond,
          minmay_liquid_box, reono_crystal_passage, tgw_sif, uniq_snorg
D:15:     grunt_enter_depths_snipers, layout_basic, gammafunk_ghost_ooze,
          nicolae_ru_path_of_blood, serial_shops, shop, nicolae_shop_scrapyard,
          shop_statue, shop, nicolae_shop_rolling_square, st_stairs_8
Temple:   hellmonk_temple_of_storms
Lair:1:   layout_chaotic_city, serial_bayou_shore_a, lemuel_fruit_fields,
          serial_bayou_shore_b
Lair:2:   layout_gridlike, spider_nest_entry_a, chequers_serial_rivers_small_b,
          evilmike_ambush [evilmike_ambush_outer_basic,
          evilmike_ambush_inner_basic], uniq_amaemon, uniq_nergalle
Lair:3:   layout_hall_layers, swamp_mist, gammafunk_ghost_cemetery,
          lemuel_fruit_fields, uniq_urug, uniq_sonja, uniq_kirke, uniq_fannar
Lair:4:   layout_cave_pods, beast_lair_carwin_1
Lair:5:   hellmonk_lair_end_abyssal_woods, layout_regular_city, slime_entry_1,
          minmay_lair_oklob_bushes
Swamp:1:  layout_falls_marsh, evilmike_swamp_ruin_house_2, swamp_pool1,
          nicolae_swamp_orc_logging_accident
Swamp:2:  layout_basic_swamp, evilmike_swamp_ruin_house_3, swamp_pool3,
          nicolae_swamp_thats_no_hydra
Swamp:3:  nzn_winding_woodlands_three_and_one
          [nzn_winding_woodlands_5x15_jagged, nzn_winding_woodlands_5x15_twine,
          nzn_winding_woodlands_5x15_sidewinder,
          nzn_winding_woodlands_center_garden], layout_basic_swamp,
          nicolae_swamp_little_tower, swamp_pool1, infiniplex_staircase_pool
Swamp:4:  swamp_basic_johnstein, layout_basic_swamp, swamp_pool2,
          nicolae_swamp_trees_clearing, hangedman_swamp_lotus,
          nicolae_swamp_no_escape
Spider:1: layout_spider_delve, nicolae_looking_at_the_future
Spider:2: layout_spider_delve, uniq_azrael, uniq_asterion, uniq_donald
Spider:3: layout_cave_pods, special_room
Spider:4: floodkiller_spider_rune_tomb, gammafunk_ghost_grave,
          guppyfry_hornet_nest
Slime:1:  layout_caves
Slime:2:  layout_caves, nicolae_slime_getting_an_eyeful
Slime:3:  layout_caves, nicolae_slime_phagocytosis
Slime:4:  layout_caves
Slime:5
Orc:1:    layout_diamond_mine
Orc:2:    st_orc_town, layout_diamond_mine, basic_altar
Elf:1:    elf_arrival_001, layout_loops_ring, minivault_28,
          palyth_stone_intersect, minmay_crystal_room
Elf:2:    nicolae_elf_blades_splatter_lattice [mumra_blade_entry_dagger],
          layout_geoelf_octagon, serial_shops, nicolae_shop_crystal
Elf:3:    nooodl_elf_gasket, layout_loops_corners, nicolae_elf_hall_of_bonks,
          minmay_shoptagon, uniq_aizul
Vaults:1: nicolae_vaults_network_quincunx
          [nicolae_vaults_network_quincunx_subvault,
          nicolae_vaults_network_quincunx_subvault,
          nicolae_vaults_network_quincunx_subvault,
          nicolae_vaults_network_quincunx_subvault,
          nicolae_vaults_network_quincunx_subvault], hangedman_vaults_stagger,
          nicolae_vaults_security_offices_3,
          vaults_standard_mumra_enter_the_diamond,
          nicolae_vaults_sesquioval_fish, serial_ice_b, vaults_room_pools,
          v_alt_pattern_6, nicolae_vaults_storage_closets_2, v_misc_13,
          vaults_room_grid, hangedman_vaults_impose,
          nicolae_vaults_hexular_roomagon, layout_vaults_maze_snakey
Vaults:2: st_spiral_rooms, nicolae_vaults_specimen_jars,
          minmay_crypt_entry_simple_walls, vaults_dpeg_spiral,
          nicolae_vaults_ring_of_whatevers, nicolae_vaults_house_2,
          nicolae_vaults_stairing_the_circle, nicolae_vaults_rhombus_6,
          v_alt_pattern_5, ontoclasm_vaults_eye, layout_vaults_omnibox
Vaults:3: hangedman_vaults_stretched_pinwheel, v_misc_18,
          dpeg_vaults_hating_casters, nicolae_vaults_shelves_hall, v_misc_28,
          layout_vaults_omnigrid
Vaults:4: ontoclasm_vaults_twist, nicolae_vaults_trapezoid_lopsided_1, v_misc_3,
          v_rooms_1, hangedman_vaults_variations, nicolae_vaults_turnstiles,
          grunt_vaults_twisty, nicolae_vaults_closet_pinwheel_4,
          nicolae_vaults_diamond_2, nicolae_vaults_variable_pillar_hall,
          layout_vaults_big_room, serial_shops, nicolae_shop_industrial_runoff,
          uniq_mennas
Vaults:5: uniq_sojobo, uniq_mara
Crypt:1:  cheibrodos_crypt_3hun_7po, layout_gridlike, st_stairs_13,
          grunt_crypt_arrival_webbed, grunt_megastairs_2, uniq_xtahua, uniq_vv
Crypt:2:  layout_misc_corridors, uniq_bai_suzhen
Crypt:3:  cryptofortress_bobbens
Tomb:1
Tomb:2
Tomb:3
Depths:1: layout_honeycomb, enter_ziggurat_f, grunt_decor_fettered,
          nzn_ghost_randoct, grunt_hell_entry_dis_grunt, hangedman_glass_teeth,
          kennysheep_generic_room_9
Depths:2: kennysheep_scales, layout_honeycomb, minmay_misc_feat_four_crosses,
          pf_hell_entry_tar_spiral, serial_shops, bzr_firewalk, abyss_entry,
          rand_demon_pan_entry_1
Depths:3: kennysheep_snake, layout_basic, lightli_too_deep, abyss_entry,
          hangedman_abyss_or_decor_stabs, uniq_margery
Depths:4: grunt_crosshair, layout_twisted_cross, serial_shops,
          nicolae_shop_tiny_real_fake_doors, nicolae_gozag_seed_capital,
          hell_entry, special_room [special_room_mythical_zoo],
          kennysheep_random_hallway
Hell
Dis:1:    layout_regular_city
Dis:2:    layout_jigsaw
Dis:3:    layout_regular_city, nicolae_dis_big_boring_drill
Dis:4:    layout_subdivisions
Dis:5:    layout_regular_city, nicolae_hells_hurtin_island
Dis:6:    layout_regular_city
Dis:7:    dis_hangedman
Geh:1:    layout_gehenna_lava_caves
Geh:2:    layout_gehenna_lava_caves
Geh:3:    nicolae_geh_i_lava_good_maze [nicolae_geh_lavamaze_diaghalf_cornered,
          nicolae_geh_lavamaze_diaghalf_recurse]
Geh:4:    layout_gehenna_pools_basic
Geh:5:    layout_gehenna_pools_triple
Geh:6:    hangedman_generic_boss_arena
Geh:7:    geh_old
Coc:1:    layout_cocytus_delve
Coc:2:    layout_ice_bergs
Coc:3:    nicolae_coc_icebeans_plural [nicolae_sub_coc_subbean,
          nicolae_sub_coc_subbean, nicolae_sub_coc_subbean,
          nicolae_sub_coc_subbean], layout_cocytus_delve
Coc:4:    layout_ice_bergs
Coc:5:    layout_cocytus_water_paths
Coc:6:    layout_cocytus_delve
Coc:7:    coc_hangedman
Tar:1:    nicolae_tar_funeral_procession, layout_cathedral_of_symmetry
Tar:2:    layout_grid_maze
Tar:3:    nicolae_hells_titanomachy
Tar:4:    layout_honeycomb, nicolae_hells_fiendish_ambush
Tar:6:    layout_cathedral_of_symmetry
Tar:7:    tar_mu [tar_mu_maze]
Zot:1:    nicolae_zot_stationary_front, layout_onion, zot_minivault_4
Zot:2:    layout_twisted_circle
Zot:3:    layout_misc_corridors, lemuel_lake_of_fire
Zot:4:    layout_misc_corridors, hangedman_elemental_corridor
Zot:5:    layout_misc_corridors, st_stairs_3, hangedman_zot_decor_scrapings

Skill      XL: |  1  2  3  4  5  6  7  8  9 10 11 12 13 14 15 16 17 18 19 20 21 22 23 24 25 26 27 |
---------------+----------------------------------------------------------------------------------+-----
Maces & Flails | 2 3 4 5 7 9 11 12 14 16 17 23 | 23.1
Armour         | 4 9 10 11 12 14 15 16 18 20 21 23 27 | 27.0
Fighting       | 3 4 5 7 9 10 11 12 13 14 15 17 18 19 20 21 27 | 27.0
Shields        | 4 7 10 15 22 | 22.6
Invocations    | 3 6 7 9 10 11 12 13 | 13.0
Stealth        | 1 |  1.0
Translocations | 1 6 9 11 12 27 | 27.0
Spellcasting   | 1 5 6 7 8 9 10 11 25 | 25.3
Dodging        | 2 5 8 9 10 | 10.0
Evocations     | 4 8 10 12 13 | 13.0
Fire Magic     | 9 12 14 23 | 23.3
Throwing       | 3 5 7 23 | 23.3
Air Magic      | 6 9 11 14 | 14.0
Hexes          | 27 | 27.0
Transmutations | 21 | 21.0
Necromancy     | 21 | 21.8
Ice Magic      | 27 | 27.0

Action                     |  1- 3 |  4- 6 |  7- 9 | 10-12 | 13-15 | 16-18 | 19-21 | 22-24 | 25-27 || total
---------------------------+-------+-------+-------+-------+-------+-------+-------+-------+-------++-------
  Melee: Flail             |    97 |   125 |   234 |   516 |       |       |       |       |       ||   972
         Tailslap          |     6 |    19 |    39 |    98 |   179 |   170 |   137 |    55 |  1348 ||  2051
         Eveningstar       |       |       |       |    88 |  1074 |  1601 |  1512 |   592 |  6236 || 11103
         Mace              |       |       |       |    11 |       |       |       |       |       ||    11
         Demon whip        |       |       |       |       |       |       |       |       |  7324 ||  7324
         Staff             |       |       |       |       |       |       |       |       |   128 ||   128
  Throw: Boomerang         |       |     1 |     1 |       |     9 |       |       |       |       ||    11
         Dart              |       |       |     2 |    23 |    25 |    12 |     2 |       |       ||    64
         Throwing net      |       |       |       |     1 |       |     1 |       |       |       ||     2
         Javelin           |       |       |       |       |       |     1 |       |       |    33 ||    34
   Cast: Manifold Assault  |       |       |       |       |    25 |   385 |   475 |   200 |  3273 ||  4358
         Apportation       |       |       |       |       |       |       |       |       |   105 ||   105
         Discord           |       |       |       |       |       |       |       |       |    89 ||    89
         Ignition          |       |       |       |       |       |       |       |       |    60 ||    60
         Necromutation     |       |       |       |       |       |       |       |       |    50 ||    50
         Disjunction       |       |       |       |       |       |       |       |       |    38 ||    38
         Blink             |       |       |       |       |       |       |       |       |    28 ||    28
         Infestation       |       |       |       |       |       |       |       |       |    11 ||    11
         Passage of Golubr |       |       |       |       |       |       |       |       |     9 ||     9
         Polar Vortex      |       |       |       |       |       |       |       |       |     9 ||     9
         Enfeeble          |       |       |       |       |       |       |       |       |     8 ||     8
         Plasma Beam       |       |       |       |       |       |       |       |       |     1 ||     1
 Invoke: Heroism           |       |       |       |     4 |     4 |     4 |     3 |     2 |       ||    17
         Finesse           |       |       |       |       |       |     2 |     1 |       |       ||     3
         Potion Petition   |       |       |       |       |       |       |       |       |   150 ||   150
         Call Merchant     |       |       |       |       |       |       |       |       |     5 ||     5
Ability: Evoke Blink       |       |       |       |       |       |     5 |     2 |       |       ||     7
         End Transformatio |       |       |       |       |       |       |       |       |     4 ||     4
  Evoke: Wand              |       |       |     1 |    32 |    26 |     3 |     2 |       |    16 ||    80
         Tin of tremorston |       |       |       |       |     3 |     4 |     1 |     1 |     9 ||    18
         Lightning rod     |       |       |       |       |     1 |       |       |     2 |     2 ||     5
         Phial of floods   |       |       |       |       |       |       |     1 |     1 |       ||     2
         Phantom mirror    |       |       |       |       |       |       |       |       |    12 ||    12
         Figurine of a zig |       |       |       |       |       |       |       |       |     2 ||     2
    Use: Scroll            |     5 |     5 |     6 |     7 |    16 |    22 |     9 |     7 |    67 ||   144
         Potion            |       |       |     3 |     4 |    12 |    11 |     8 |     2 |   142 ||   182
   Stab: Distracted        |       |     1 |     1 |     4 |       |     1 |       |       |    83 ||    90
         Held in net/web   |       |       |       |     4 |       |       |       |       |       ||     4
         Paralysed         |       |       |       |     1 |     2 |       |     2 |       |     4 ||     9
         Invisible         |       |       |       |       |     7 |     1 |       |       |    21 ||    29
 Armour: Scale mail        |    54 |    37 |    27 |       |       |       |       |       |       ||   118
         Ring mail         |       |       |    43 |   318 |   653 |    33 |       |       |       ||  1047
         Skin              |       |       |       |       |    21 |       |       |       |     5 ||    26
         Chain mail        |       |       |       |       |       |  1009 |   297 |       |       ||  1306
         Crystal plate arm |       |       |       |       |       |       |   336 |   215 |  3632 ||  4183
         Ice dragon scales |       |       |       |       |       |       |       |       |    72 ||    72
  Dodge: Dodged            |    38 |    23 |    68 |   123 |   359 |   910 |   486 |   137 |  1255 ||  3399
  Block: Buckler           |    13 |    15 |    34 |   122 |   284 |   504 |   391 |   145 |  1097 ||  2605
         Reflection        |       |       |       |       |       |       |       |     1 |    48 ||    49
         Kite shield       |       |       |       |       |       |       |       |       |  4697 ||  4697

Table legend: (Time is in decaauts)
 A = Elapsed time spent in this place.
 B = Non-inter-level travel time spent in this place.
 C = Inter-level travel time spent in this place.
 D = Time resting spent in this place.
 E = Time spent auto-exploring this place.
 F = Levels seen in this place.
 G = Mean time per level.
                   A        B        C        D        E       F      G
               +--------+--------+--------+--------+--------+-----+--------+
         Total | 125466 | 115622 |   9844 |  12763 |  61567 | 167 |  751.3 |
       Dungeon |  18091 |  14755 |   3336 |   1036 |   9897 |  15 | 1206.1 |
        Temple |     70 |     51 |     19 |      0 |      0 |   1 |   70.0 |
          Lair |   7915 |   6982 |    933 |    819 |   4246 |   5 | 1583.0 |
         Swamp |   5146 |   4775 |    371 |   1040 |   2806 |   4 | 1286.5 |
   Spider Nest |   9459 |   8773 |    686 |   2955 |   3233 |   4 | 2364.8 |
    Slime Pits |   3815 |   3621 |    194 |    679 |   2082 |   5 |  763.0 |
  Orcish Mines |   1968 |   1784 |    184 |    259 |    601 |   2 |  984.0 |
   Elven Halls |   7190 |   6953 |    237 |   1837 |   3835 |   3 | 2396.7 |
        Vaults |   9570 |   8654 |    916 |    431 |   6363 |   5 | 1914.0 |
         Crypt |   4299 |   3965 |    334 |    122 |   2575 |   3 | 1433.0 |
          Tomb |   2106 |   1870 |    236 |     24 |    728 |   3 |  702.0 |
        Depths |   9475 |   8253 |   1222 |    696 |   5964 |   4 | 2368.8 |
          Hell |   1569 |   1438 |    131 |     91 |    638 |   1 | 1569.0 |
           Dis |   2350 |   2220 |    130 |     71 |    382 |   7 |  335.7 |
       Gehenna |   1862 |   1776 |     86 |     42 |    418 |   7 |  266.0 |
       Cocytus |   2474 |   2351 |    123 |     83 |   1291 |   7 |  353.4 |
      Tartarus |   3202 |   2766 |    436 |     58 |    804 |   6 |  533.7 |
           Zot |   4791 |   4530 |    261 |    511 |   2663 |   5 |  958.2 |
         Abyss |   2487 |   2487 |      0 |    121 |    102 |   6 |  414.5 |
   Pandemonium |  16118 |  16118 |      0 |   1233 |   7253 |  16 | 1007.4 |
      Ziggurat |  10412 |  10412 |      0 |    535 |   5559 |  54 |  192.8 |
        Bazaar |     94 |     94 |      0 |      0 |      0 |   1 |   94.0 |
         Trove |    102 |    102 |      0 |      0 |      0 |   1 |  102.0 |
        Bailey |    481 |    481 |      0 |     76 |     84 |   1 |  481.0 |
      Gauntlet |    409 |    409 |      0 |     38 |     38 |   1 |  409.0 |
               +--------+--------+--------+--------+--------+-----+--------+

Top non-repeatable levels by time:
   Elf:3: 3633 daAuts
Depths:2: 3473 daAuts
Spider:3: 3164 daAuts
Vaults:5: 2497 daAuts
 Abyss:3: 2487 daAuts
Spider:2: 2411 daAuts
   Elf:2: 2379 daAuts
    D:15: 2339 daAuts
  Lair:5: 2323 daAuts
Depths:3: 2217 daAuts
Vaults:2: 2214 daAuts
   Tar:7: 2185 daAuts
Spider:1: 2053 daAuts
Depths:4: 1990 daAuts
    D:12: 1943 daAuts
